 Dungeon Crawl Stone Soup version 0.19-a0-1445-ge808afc (webtiles) character file.

1879999 Virgil the Bringer of Law (level 27, -1/249 HPs)
             Began as a Human Fighter on Aug 24, 2016.
             Was the Champion of Zin.
             Slain by Oceoled the pandemonium lord (5 damage)
             ... while paralysed by a giant eyeball
             ... on level 16 of a ziggurat on Sept 5, 2016.
             The game lasted 1 day 00:28:53 (139608 turns).

Virgil the Bringer of Law (Human Fighter)     Turns: 139608, Time: 1 , 00:28:53

Health: -1/249     AC: 56    Str: 38    XL:     27
Magic:  33/54      EV:  2    Int: 28    God:    Zin [******]
Gold:   12557      SH:  0    Dex: 25    Spells: 20 memorised, 1 level left

rFire  + + .     SeeInvis .     a - +9 eudemon blade (holy)
rCold  + + +     Gourm    .     H - +14 crystal plate armour
rNeg   + + +     Faith    .     Z - +2 shield "Bamaick" {rPois MR+ Regen+ Int+2}
rPois  ∞         Spirit   .     J - -2 hat of the Alchemist {rElec rPois rF+ rC+ rN+ MR+ rMut rCorr}
rElec  +         Dismiss  .     h - +2 cloak {MR+}
rCorr  +         Reflect  .     n - +3 pair of gauntlets of War {Slay+5}
rMut   +         Harm     .     C - +2 pair of boots {run}
MR     +++++                    d - macabre finger necklace {rN+}
Stlth  +++.......               i - ring "Fomer" {rF+ rC+ Int+3}
                                I - ring of Vohotaaf {rC+++ MR- EV+4 Str+5}
                                G - ring of Lylevvunn {Wiz rN++ MR+ Int+3}

@: paralysed, vitalised, short of breath, tornado, singing, flying (expiring),
very slightly contaminated, hasted, deflect missiles, quick
A: no striking features
a: Recite, Vitalisation, Imprison, Sanctuary, Donate Gold, Renounce Religion,
Stop Singing
}: 15/15 runes: serpentine, barnacled, slimy, silver, golden, iron, obsidian,
icy, bone, abyssal, demonic, glowing, magical, fiery, dark


You were on level 16 of a ziggurat.
You worshipped Zin.
Zin was exalted by your worship.
You were full.

You visited 17 branches of the dungeon, and saw 84 of its levels.
You visited Pandemonium 1 time, and saw 36 of its levels.
You visited the Abyss 2 times.
You visited 4 ziggurats (completing 3), and saw 97 of their levels.
You also visited: Sewer and Ice Cave.

You collected 18826 gold pieces.
You spent 2812 gold pieces at shops.
You donated 3457 gold pieces to Zin.

Inventory:

Hand Weapons
 a - a +9 eudemon blade of holy wrath (weapon)
 b - a +9 double sword of slicing
 y - the +8 triple sword of Oozing Pus {slice, rElec Int+4}
   (You acquired it on level 9 of a ziggurat)

   It inflicts extra damage upon your enemies.
   It affects your intelligence (+4).
   It insulates you from electricity.
Missiles
 N - a javelin of penetration
 O - 7 javelins of returning (quivered)
Armour
 h - a +2 cloak of magic resistance (worn)
 n - the +3 pair of gauntlets of War (worn) {Slay+5}
   (You found it on level 3 of the Depths)

   It affects your accuracy and damage with ranged weapons and melee attacks
   (+5).
 s - a +1 shield of protection
 C - a +2 pair of boots of running (worn)
 H - a +14 crystal plate armour (worn)
 J - the -2 hat of the Alchemist (worn) {rElec rPois rF+ rC+ rN+ MR+ rMut rCorr}
   (You found it in an ice cave)

   It protects you from fire.
   It protects you from cold.
   It insulates you from electricity.
   It protects you from poison.
   It protects you from negative energy.
   It affects your resistance to hostile enchantments.
   It protects you from acid and corrosion.
   It protects you from mutation.
 V - a +2 fire dragon armour
 Z - the +2 shield "Bamaick" (worn) {rPois MR+ Regen+ Int+2}
   (You found it on level 11 of a ziggurat)

   It affects your intelligence (+2).
   It protects you from poison.
   It affects your resistance to hostile enchantments.
   It increases your rate of regeneration.
Rods
 v - a +8 rod of inaccuracy (9/9)
   (You found it on level 11 of a ziggurat)
 A - a +4 lightning rod (11/11)
   (You found it on level 22 of a ziggurat)
Jewellery
 d - the macabre finger necklace (around neck) {rN+}
   (You found it on level 26 of a ziggurat)

   [amulet of nothing]

   It protects you from negative energy.
 i - the ring "Fomer" (right hand) {rF+ rC+ Int+3}
   (You took it off a balrug in Pandemonium)

   [ring of intelligence]

   It affects your intelligence (+3).
   It protects you from fire.
   It protects you from cold.
 o - the ring of Cuyb {rElec MR+ MP-9 Str+6 Slay+2}
   (You found it in Pandemonium)

   [ring of strength]

   It affects your strength (+6).
   It affects your accuracy and damage with ranged weapons and melee attacks
   (+2).
   It insulates you from electricity.
   It affects your resistance to hostile enchantments.
   It affects your magic capacity (-9).
 D - the amulet of Xefiu {*Contam rF+++ rC++ Regen+ Dex-3}
   (You found it on level 8 of a ziggurat)

   [amulet of regeneration]

   It affects your dexterity (-3).
   It renders you almost immune to fire.
   It greatly protects you from cold.
   It causes magical contamination when unequipped.
   It increases your rate of regeneration.
 G - the ring of Lylevvunn (on amulet) {Wiz rN++ MR+ Int+3}
   (You found it on level 26 of a ziggurat)

   [ring of wizardry]

   It improves your spell success rate.
   It affects your intelligence (+3).
   It greatly protects you from negative energy.
   It affects your resistance to hostile enchantments.
 I - the ring of Vohotaaf (left hand) {rC+++ MR- EV+4 Str+5}
   (You found it on level 8 of the Dungeon)

   [ring of evasion]

   It affects your evasion (+4).
   It affects your strength (+5).
   It renders you almost immune to cold.
   It affects your resistance to hostile enchantments.
 K - the ring of Ussuga {rF+ Str+4 Slay+2}
   (You found it on level 13 of a ziggurat)

   [ring of protection from fire]

   It affects your strength (+4).
   It affects your accuracy and damage with ranged weapons and melee attacks
   (+2).
   It protects you from fire.
 M - the ring "Raipsiho" {-Tele +Inv MR+ Int+3 Dex+9}
   (You took it off a merfolk on level 4 of the Shoals)

   [ring of protection from magic]

   It affects your intelligence (+3).
   It affects your dexterity (+9).
   It affects your resistance to hostile enchantments.
   It lets you turn invisible.
   It prevents most forms of teleportation.
Wands
 r - a wand of disintegration (19/24)
 Q - a wand of heal wounds (0/9)
 S - a wand of teleportation (7/9)
 T - a wand of heal wounds (1/9)
Scrolls
 c - 3 scrolls of fog
 w - 52 scrolls of remove curse
 x - 4 scrolls of identify
 z - 8 scrolls of enchant armour
 E - 19 scrolls of blinking
 F - a scroll of summoning
 L - 15 scrolls of magic mapping
 X - 47 scrolls of enchant weapon
 Y - 4 scrolls of brand weapon
Potions
 e - 3 potions of curing
 g - 2 potions of might
 j - 4 potions of berserk rage
 k - 3 potions of magic
 l - 4 potions of resistance
 m - 35 potions of cure mutation
 t - 3 potions of brilliance
 u - a potion of experience
 B - 11 potions of beneficial mutation
 R - 2 potions of agility
Miscellaneous
 f - a crystal ball of energy
Comestibles
 p - 11 bread rations
 q - 17 fruits


   Skills:
 O Level 27 Fighting
 O Level 27 Long Blades
 O Level 27 Throwing
 O Level 27 Armour
 O Level 27 Dodging
 O Level 27 Stealth
 O Level 27 Shields
 O Level 27 Spellcasting
 + Level 14.1 Conjurations
 - Level 3.0 Hexes
 O Level 27 Charms
 O Level 27 Translocations
 - Level 20.5 Fire Magic
 O Level 27 Ice Magic
 O Level 27 Air Magic
 O Level 27 Invocations
 O Level 27 Evocations


You had one spell level left.
You knew the following spells:

 Your Spells              Type           Power        Failure   Level  Hunger
a - Airstrike             Air            ########..   0%          4    None
b - Shroud of Golubria    Chrm/Tloc      ########..   0%          2    None
c - Song of Slaying       Chrm           ########     0%          2    None
d - Haste                 Chrm           ########     1%          6    None
e - Deflect Missiles      Chrm/Air       ########..   1%          6    None
f - Swiftness             Chrm/Air       ########     0%          2    None
g - Spectral Weapon       Hex/Chrm       #######.     1%          3    None
h - Infusion              Chrm           ####         0%          1    None
i - Summon Butterflies    Summ           #####...     1%          1    None
j - Apportation           Tloc           ########..   0%          1    None
k - Metabolic Englaciati  Hex/Ice        #######...   1%          5    None
l - Inner Flame           Hex/Fire       #######.     1%          3    None
m - Conjure Ball Lightni  Conj/Air       ########..   1%          6    None
n - Portal Projectile     Tloc           ######       0%          3    None
o - Blink                 Tloc           N/A          0%          2    None
p - Freezing Cloud        Conj/Ice/Air   ########..   1%          6    None
q - Repel Missiles        Chrm/Air       ######       0%          2    None
r - Controlled Blink      Tloc           N/A          1%          8    ###....
z - Tornado               Air            ########..   4%          9    #####..
Z - Ring of Flames        Chrm/Fire      ########..   1%          7    None


Dungeon Overview and Level Annotations

Branches:
Dungeon (15/15)            Temple (1/1) D:7            Lair (6/6) D:8
 Shoals (4/4) Lair:4        Snake (4/4) Lair:2        Slime (5/5) Lair:6
    Orc (2/2) D:11            Elf (3/3) Orc:2        Vaults (5/5) D:13
  Crypt (3/3) Vaults:2       Tomb (3/3) Crypt:3      Depths (4/5) D:15
   Hell (1/1)                 Dis (7/7) Hell            Geh (7/7) Hell
    Coc (7/7) Hell            Tar (7/7) Hell

Altars:
Ashenzari
Cheibriados
Dithmenos
Elyvilon
Fedhas
Gozag
Hepliaklqana
Kikubaaqudgha
Nemelex Xobeh
Okawaru
Sif Muna
Trog
Uskayaw
Vehumet
Xom
Yredelemnul
Zin
The Shining One
Jiyva

Shops:
D:8 (   Orc:2 *[!*   Elf:2 (   Shoals:3 !   Snake:1 (   Snake:3 }}=
Snake:4 (%=   Depths:2 *

Portals:
Hell: Depths:1 Depths:2 Depths:3 Depths:4
Abyss: Depths:2 Depths:4
Pandemonium: Depths:1 Depths:3
Trove: Vaults:3 (give +8 demon blade)

Annotations:
Lair:1 exclusion: 2 oklob plants
Shoals:4 Ilsuiw
Vaults:2 Saint Roka
Depths:2 1 exclusion


Message History

The water nymph's corpse dissolves into shadows!
You kill the hellwing!
You kill the Killer Klown!
Zin accepts your kill.
Your Conjurations skill increases to level 14!
You kill the stone giant!
Zin accepts your kill.
The giant eyeball turns its gaze towards you.
You hear an angry hiss.
The swamp worm changes into a death drake!
The Killer Klown is seared!
You kill the Killer Klown!
Zin accepts your kill.
The mana viper changes into a shining eye!
The Killer Klown is seared!
Cues gestures at you.
Helpless, you fail to dodge the crystal spear.
* * * LOW HITPOINT WARNING * * *
Degik gestures.
Oceoled hits you.
You die...

▓▓▓▓▓▓▓▓▓▓▓▓▓
▓≈≈≈........▓▓
≈≈m§§§§§§§§§§▓▓
≈≈##§§§§§##§§.▓▓
≈k##§§§§§##§§..▓▓
kDD§§3&&§§p&§§...▓▓
&.§§§&§§§§§§&....▓▓
Gt§§§&&@§&§§§...∩.▓
|tD§§§&pp§§§§....▓▓
G.&§&§§§§§§§§...▓▓
.G##4§1§§##§§..▓▓
.G##§§§§Y##&1.▓▓
..Jpp§1§§§§&H▓▓
▓...2..&....▓▓
▓▓▓▓▓▓▓▓▓▓▓▓▓


You could see Buheneme, Cues, Degik, Gecoh (dazed), Hewomui, Ikhobb, Ilaistre
(confused), Jaujiohi, Kuow (confused), Let Ytwa (confused), Oceoled, Olijot,
Ujoyhebb (confused), Utzocwe, Ynoeth, 5 Killer Klowns, an alligator snapping
turtle shaped shifter, 2 storm dragons, a Tzitzimitl, 2 Ice Fiends, an ice
dragon, a sphinx shaped shifter, an azure jelly shaped shifter, a death yak
shaped shifter, a death drake shaped shifter, a blizzard demon, a soul eater, a
shining eye shaped shifter, an apocalypse crab, a water nymph shaped shifter
(berserk), an eye of draining, a chaos spawn and 2 giant eyeballs.

Vanquished Creatures
  Cerebov (Pan)
  Antaeus (Coc:7)
  Asmodeus (Geh:7)
  Ereshkigal (Tar:7)
  the Royal Jelly (Slime:5)
  Gloorx Vloq (Pan)
  the Serpent of Hell (Dis:7)
  Lom Lobon (Pan)
  Mnoleg (Pan)
  Dispater (Dis:7)
  2 orbs of fire (Zig:3)
  Khufu (Tomb:2)
  Mennas (Pan)
  54 ancient liches
  35 juggernauts
  The ghost of jestert79 the Conqueror, a legendary VSBe of Trog (Zig:13)
  35 shard shrikes
  64 pandemonium lords
  50 greater mummies
  Margery (Depths:2)
  Frederick (Crypt:1)
  43 Killer Klowns
  12 caustic shrikes
  A caustic shrike (shapeshifter) (Zig:5)
  6 profane servitors
  Geryon (Hell)
  Jory (Vaults:3)
  33 golden dragons
  3 pearl dragons (Zig:5)
  43 Tzitzimimeh
  51 Brimstone Fiends
  9 doom hounds
  29 bone dragons
  22 iron giants
  Jorgrun (Vaults:1)
  20 hellephants
  32 liches
  41 Ice Fiends
  35 Hell Sentinels
  Asterion (Elf:2)
  17 deep elf master archers
  56 titans
  27 tentacled monstrosities
  16 deep elf blademasters
  58 Executioners
  73 acid blobs
  11 quicksilver dragons
  2 quicksilver dragons (shapeshifter)
  2 sphinxes (shapeshifter)
  40 tentacled starspawn
  An acid blob (shapeshifter) (Zig:17)
  26 ancient champions
  41 sphinxes
  Frances (D:12)
  8 eldritch tentacles
  14 storm dragons
  Agnes (Snake:4)
  31 shadow dragons
  6 thorn hunters
  2 shadow dragons (shapeshifter)
  81 greater nagas
  32 azure jellies
  8 tengu reavers
  3 fire giants (shapeshifter)
  5 daevas
  23 revenants
  An azure jelly (shapeshifter) (Zig:17)
  44 fire giants
  35 frost giants
  A frost giant (shapeshifter) (Zig:22)
  44 vault wardens
  19 draconian monks
  19 iron dragons
  27 draconian scorchers
  5 caustic shrike zombies
  11 deep elf sorcerers
  2 ghost moths (shapeshifter)
  22 ghost moths
  92 balrugs
  Aizul (Snake:4)
  17 emperor scorpions
  8 juggernaut zombies
  50 cacodemons
  31 draconian knights
  28 curse skulls
  18 draconian shifters
  Louise (Elf:1)
  2 spriggan defenders
  25 orc warlords
  32 draconian zealots
  6 deep elf elementalists
  31 draconian annihilators
  6 caustic shrike skeletons
  127 reapers
  3 angels
  25 draconian callers
  An entropy weaver (shapeshifter) (Zig:27)
  22 warmongers
  58 very ugly things
  29 ironheart preservers
  29 war gargoyles
  4 ghouls
  6 elemental wellsprings
  8 stone giants (shapeshifter)
  7 juggernaut skeletons
  An ophan (Abyss:3)
  30 blood saints
  17 green draconians
  33 vampire knights
  3 apis (Zig:5)
  20 entropy weavers
  17 bennus
  20 deep elf demonologists
  27 deep elf annihilators
  30 black suns
  23 corrupters
  74 stone giants
  10 black draconians
  29 chaos champions
  9 purple draconians
  10 yellow draconians
  7 spark wasps
  12 mottled draconians
  11 red draconians
  8 white draconians
  16 dire elephants
  2 crystal guardians
  The ghost of porpoise the Archer, a journeyman HEGl of Okawaru (Lair:3)
  A dire elephant (shapeshifter) (Zig:22)
  27 eidola
  29 lorocyprocas
  14 deep elf death magi
  67 mummy priests
  46 green deaths
  39 blizzard demons
  83 small abominations
  Snorg (Lair:6)
  14 death oozes
  15 jiangshi
  15 fire dragons
  The ghost of tempioso the Carver, a journeyman TeBe of Trog (Shoals:1)
  A kraken zombie (Coc:5)
  23 merfolk javelineers
  30 ettins
  Josephine (Lair:5)
  14 merfolk impalers
  2 minotaurs (shapeshifter)
  A fire dragon (shapeshifter) (Zig:14)
  24 yaktaur captains
  30 vault guards
  8 quicksilver dragon zombies
  6 quicksilver dragon skeletons
  An ice dragon (shapeshifter) (Depths:1)
  27 rakshasas
  Harold (D:11)
  20 monstrous demonspawn
  33 ice dragons
  20 deep elf high priests
  42 naga warriors
  51 hydras
  19 anacondas
  Erolcha (D:13)
  2 ghost crabs (shapeshifter)
  3 hydras (shapeshifter)
  21 hell beasts
  32 great orbs of eyes
  3 merfolk avatars
  9 ghost crabs
  14 catoblepae
  9 spriggan air magi
  An alligator snapping turtle (shapeshifter) (Zig:7)
  5 death knights
  55 dancing weapons
  7 alligator snapping turtles
  12 alligators
  An alligator (shapeshifter) (Zig:20)
  14 centaur warriors
  6 satyrs
  21 merfolk aquamancers
  2 anacondas (shapeshifter)
  40 death scarabs
  43 hell hogs
  29 ogre magi
  A hell hog (shapeshifter) (Zig:7)
  10 titan zombies
  5 tengu warriors
  24 shock serpents
  38 vampire magi
  9 deep troll shamans
  12 spriggan berserkers
  39 naga sharpshooters
  23 death yaks
  52 thrashing horrors
  44 hell knights
  12 deep troll earth magi
  37 orc high priests
  11 iron golems
  2 shock serpents (shapeshifter)
  31 deep elf knights
  98 soul eaters
  157 skeletal warriors
  46 wretched stars
  12 storm dragon skeletons
  2 fire crabs (shapeshifter)
  36 iron trolls
  46 sixfirhies
  An iron troll (shapeshifter) (Zig:5)
  9 sea snakes
  181 large abominations
  116 sun demons
  17 titan skeletons
  11 storm dragon zombies
  23 spriggan druids
  42 deep trolls
  5 fire crabs
  30 shadow wraiths
  8 death drakes
  11 gelid demonspawn
  26 spatial maelstroms
  7 salamander mystics
  3 ghost moth zombies
  26 torturous demonspawn (Pan)
  9 golden dragon zombies
  21 infernal demonspawn
  3 deep trolls (shapeshifter)
  8 unseen horrors
  8 anaconda zombies
  A spark wasp zombie (Zig:13)
  5 death drakes (shapeshifter)
  2 quicksilver dragon simulacra
  11 giant orange brains
  2 cherubim
  25 ironbrand convokers
  56 shadow demons
  An iron giant skeleton (Crypt:2)
  19 naga ritualists
  21 putrid demonspawn
  A harpy (shapeshifter) (Vaults:3)
  An unseen horror (shapeshifter) (D:15)
  39 flayed ghosts
  9 shambling mangroves
  5 giant orange brains (shapeshifter)
  12 iron dragon zombies
  An orange crystal statue (Zig:4)
  14 wizards
  40 orc knights
  11 anaconda skeletons
  26 swamp dragons
  29 harpies
  30 phantasmal warriors
  22 mana vipers
  14 shadow dragon zombies
  12 wolf spider zombies
  19 necromancers
  5 oklob plants (Zig:13)
  10 frost giant zombies
  38 deep elf archers
  11 shadow dragon skeletons
  12 golden dragon skeletons
  2 fauns (shapeshifter)
  6 sphinx zombies
  16 stone giant zombies
  35 orb spiders
  A statue (Abyss:3)
  21 hill giants
  118 deep elf magi
  3 lindwurms (shapeshifter)
  A griffon (shapeshifter) (Zig:11)
  28 cyclopes
  27 shining eyes
  15 fire giant zombies
  3 cyclopes (shapeshifter)
  27 wolf spiders
  63 ugly things
  2 wolf spiders (shapeshifter)
  18 orc sorcerers
  11 manticores
  10 hornets
  2 manticores (shapeshifter)
  3 hornets (shapeshifter)
  4 sphinx skeletons
  21 worldbinders
  4 human zombies
  26 griffons
  20 salamanders
  A shining eye (shapeshifter) (Zig:10)
  122 smoke demons
  11 iron dragon skeletons
  28 moths of wrath
  9 fire giant skeletons
  8 fauns
  12 sirens
  9 dire elephant zombies
  A black mamba (shapeshifter) (Abyss:3)
  4 moths of wrath (shapeshifter)
  7 water nymphs
  36 vault sentinels
  Maurice (D:11)
  105 black mambas
  27 elephants
  3 shock serpent zombies
  7 frost giant skeletons
  43 guardian serpents
  An ice statue (IceCv)
  8 stone giant skeletons
  54 rust devils
  6 torpor snails (shapeshifter)
  27 apocalypse crabs
  2 centaur zombies (D:13)
  2 guardian serpents (shapeshifter)
  4 water nymphs (shapeshifter)
  13 eyes of devastation
  10 molten gargoyles
  6 gargoyles
  2 titan simulacra
  66 orange demons
  107 hellions
  22 torpor snails
  45 naga magi
  An eye of devastation (shapeshifter) (Zig:14)
  A storm dragon simulacrum (Coc:7)
  7 dire elephant skeletons
  37 spiny frogs
  2 spiny frogs (shapeshifter)
  3 catoblepas zombies
  10 rime drakes
  2 komodo dragons (shapeshifter)
  An emperor scorpion zombie (Dis:7)
  5 tengu conjurers
  2 shock serpent skeletons
  72 freezing wraiths
  106 yaktaurs
  2 catoblepas skeletons
  A rime drake (shapeshifter) (Depths:1)
  28 demonic crawlers
  16 efreet
  A golden dragon simulacrum (IceCv)
  19 komodo dragons
  The ghost of Gordan the Ducker, an amateur TrMo (Sewer)
  111 guardian mummies
  68 ice devils
  94 tormentors
  2 yaktaurs (shapeshifter)
  4 anaconda simulacra
  21 hydra zombies
  A purple draconian skeleton (Crypt:1)
  48 hellwings
  2 meliai
  82 red devils
  A pale draconian skeleton (Crypt:1)
  A troll (shapeshifter) (Zig:17)
  6 harpy zombies
  40 ancient zymes
  29 jumping spiders
  56 merfolk
  A merfolk (shapeshifter) (Depths:1)
  27 wind drakes
  2 wind drakes (shapeshifter)
  14 trolls
  15 hydra skeletons
  3 jumping spiders (shapeshifter)
  3 silent spectres
  9 giant leeches
  2 meliai (shapeshifter) (Zig:22)
  A sphinx simulacrum (Zig:12)
  52 blink frogs
  2 harpy skeletons
  5 ice dragon zombies
  10 bog bodies
  162 slime creatures
  Prince Ribbit (D:5)
  2 polar bears
  A frost giant simulacrum (Coc:1)
  2 dream sheep (shapeshifter)
  2 hornet zombies
  19 two-headed ogres
  2 dream sheep
  77 raiju
  10 alligator zombies
  13 ettin zombies
  A minotaur skeleton (Abyss:2)
  2 black mamba zombies
  7 snapping turtles
  14 boulder beetles
  27 water elementals
  18 fire dragon zombies
  5 ice dragon skeletons
  7 vampires
  29 spriggans
  A stone giant simulacrum (Abyss:3)
  33 air elementals
  2 tarantellas (shapeshifter)
  50 shadows
  23 tarantellas
  179 flying skulls
  A redback (shapeshifter) (Zig:20)
  3 alligator skeletons
  7 ettin skeletons
  56 ushabtiu
  24 redbacks
  A spriggan (shapeshifter) (Zig:7)
  A wyvern (shapeshifter) (Abyss:3)
  13 fire dragon skeletons
  62 wraiths
  55 yaks
  3 dire elephant simulacra (IceCv)
  2 humans (D:9)
  A wyvern (D:12)
  87 ynoxinuls
  40 fire elementals
  3 steam dragons
  14 fire bats
  A basilisk (shapeshifter) (D:14)
  21 hippogriffs
  A human (shapeshifter) (Zig:22)
  4 spriggan skeletons
  7 basilisks
  16 vampire mosquitoes
  2 black mamba skeletons
  4 yaks (shapeshifter)
  92 chaos spawn
  2 death yak simulacra (IceCv)
  13 hungry ghosts
  3 hippogriffs (shapeshifter)
  13 golden eyes
  68 neqoxecs
  An emperor scorpion simulacrum (Abyss:3)
  20 spatial vortices
  2 merfolk zombies
  Menkaure (D:5)
  A soldier ant (shapeshifter) (Zig:20)
  82 nagas
  A warg (shapeshifter) (Zig:20)
  5 mottled dragons
  35 insubstantial wisps
  18 wargs
  A naga (shapeshifter) (Zig:17)
  3 harpy simulacra (IceCv)
  A mottled dragon (shapeshifter) (Zig:22)
  95 hell hounds
  A faun zombie (Crypt:2)
  16 spiny frog zombies
  37 water moccasins
  A water moccasin (shapeshifter) (Abyss:2)
  6 hydra simulacra
  A hell hound (shapeshifter) (Zig:14)
  2 iron troll simulacra (IceCv)
  7 giant eyeballs
  A giant eyeball (shapeshifter) (Zig:16)
  An infernal demonspawn skeleton (Crypt:2)
  9 porcupines
  5 sky beasts
  12 phantoms
  5 snapping turtle zombies
  9 spiny frog skeletons
  15 swamp drakes
  41 necrophages
  16 ice beasts
  93 orc warriors
  2 alligator simulacra
  A manticore zombie (Tar:6)
  An ettin simulacrum (IceCv)
  42 eyes of draining
  The ghost of jlc4533 the Skirmisher, an amateur FoAK of Lugonu (D:13)
  A black bear (shapeshifter) (Abyss:3)
  3 swamp dragon zombies
  27 wasps
  82 ogres
  An eye of draining (shapeshifter) (Zig:14)
  A fire dragon simulacrum (Abyss:2)
  A wolf (shapeshifter) (Vaults:4)
  12 boggarts
  A centaur (shapeshifter) (Zig:20)
  9 wolves
  14 centaurs
  2 manticore skeletons
  27 crocodiles
  6 snapping turtle skeletons
  13 elf zombies
  A crocodile (shapeshifter) (Zig:22)
  4 human skeletons
  5 swamp dragon skeletons
  A hog skeleton (Crypt:1)
  2 big kobolds
  19 giant frogs
  15 elf skeletons
  A glowing shapeshifter simulacrum (Vaults:3)
  10 earth elementals
  2 gnoll sergeants
  A komodo dragon skeleton (Crypt:1)
  3 spiny frog simulacra
  A wyvern skeleton (D:13)
  2 troll zombies
  A boulder beetle zombie (Vaults:1)
  A hippogriff zombie (Shoals:4)
  11 spriggan zombies
  10 killer bees
  98 wights
  2 troll skeletons
  2 electric eels
  A howler monkey (D:6)
  16 crimson imps
  3 draconian simulacra (IceCv)
  A giant frog zombie (D:11)
  13 quasits
  192 starcursed masses
  A giant frog skeleton (D:4)
  24 orc wizards
  32 orc priests
  5 hounds
  6 jellies
  5 centaur skeletons
  69 iron imps
  8 iguanas
  7 worker ants
  A black bear skeleton (Crypt:1)
  11 hell rats
  A lightning spire (Zig:22)
  4 spriggan simulacra
  A polar bear simulacrum (IceCv)
  2 wolf simulacra (IceCv)
  10 removed MONS_SHEEPs
  6 tengu zombies
  A centaur simulacrum (IceCv)
  8 tengu skeletons
  2 naga skeletons
  A hell rat zombie (Crypt:2)
  144 mummies
  A worker ant zombie (D:6)
  Robin (D:2)
  13 gnolls
  A naga simulacrum (IceCv)
  21 adders
  3 ogre simulacra (IceCv)
  33 river rats
  A tengu simulacrum (Coc:6)
  37 shadow imps
  34 white imps
  4 oozes
  20 ufetubi
  An iguana skeleton (Crypt:1)
  3 worms
  2 ball lightnings
  2 dart slugs
  3 giant geckos
  82 orcs
  An orc (shapeshifter) (Depths:3)
  A bat zombie (Shoals:4)
  7 giant cockroaches
  16 goblins
  6 hobgoblins
  6 jackals (D:4)
  4 quokkas
  12 ball pythons
  5 bats
  12 giant newts
  A giant newt zombie (Crypt:2)
  A gnoll zombie (Crypt:2)
  15 kobolds
  A kobold zombie (Dis:7)
  An orc skeleton (Geh:7)
  An orc zombie (Geh:4)
  A quokka skeleton (D:7)
  29 rats
  33 briar patches
  17 crawling corpses
  2 fire vortices (Geh:7)
  2 lurking horrors
  186 pillars of salt
  4 plants (Zig:13)
  7 spectral weapons
  35 starspawn tentacles
  3 tentacles (Coc:5)
11246 creatures vanquished.

Vanquished Creatures (collateral kills)
  A bone dragon (Abyss:3)
  A greater naga (Zig:14)
  A cacodemon (Abyss:3)
  A draconian annihilator (Zig:25)
  A purple draconian (Zig:26)
  An unseen horror (shapeshifter) (Abyss:3)
  2 large abominations (Abyss:3)
  A naga mage (Zig:23)
  3 flying skulls (Abyss:3)
  A raiju (Abyss:3)
  A wasp (Zig:10)
  2 wights (Abyss:3)
  A starcursed mass (Abyss:3)
17 creatures vanquished.

Vanquished Creatures (others)
  A shard shrike (Coc:7)
  A hellephant (Zig:15)
  A tentacled monstrosity (Zig:25)
  A deep elf blademaster (Zig:20)
  A titan (Zig:14)
  An eldritch tentacle (Coc:5)
  An ancient champion (Tomb:2)
  A storm dragon (Zig:14)
  A warmonger (Zig:10)
  2 draconian scorchers (Zig:25)
  3 draconian knights
  2 greater nagas
  2 tengu reavers
  A draconian zealot (Zig:26)
  A ghost moth (Zig:9)
  An emperor scorpion (Zig:25)
  A cacodemon (Zig:10)
  4 elemental wellsprings
  A very ugly thing (Depths:2)
  A war gargoyle (Zig:17)
  A green draconian (Zig:25)
  A blood saint (Zig:14)
  A spark wasp (Zig:26)
  A deep elf annihilator (Pan)
  3 blizzard demons
  A green death (Zig:10)
  2 rakshasas
  2 hydras (Zig:24)
  A merfolk aquamancer (Zig:25)
  An ogre mage (Zig:14)
  An alligator (Zig:24)
  40 death scarabs
  A vampire mage (Depths:1)
  2 hell hogs
  A soul eater (Pan)
  A shadow wraith (Zig:27)
  2 deep elf knights
  A storm dragon skeleton (Zig:9)
  An unseen horror (Abyss:3)
  A large abomination (Abyss:3)
  A wizard (Pan)
  A wolf spider (Zig:26)
  A fire giant zombie (Tomb:2)
  2 ugly things
  A guardian serpent (Zig:25)
  A smoke demon (Pan)
  A spriggan skeleton (Zig:16)
  A starcursed mass (Abyss:3)
  A red devil (Dis:3)
  2 hellwings
  A tengu conjurer (Depths:4)
  2 wind drakes (Pan)
  A giant leech (Zig:16)
  A redback (Zig:26)
  3 flying skulls (Tomb:3)
  3 shadows
  A tarantella (Zig:26)
  2 spriggans
  A ynoxinul (Pan)
  An ushabti (Zig:13)
  2 neqoxecs (Abyss:3)
  A chaos spawn (Pan)
  A naga (Snake:4)
  2 wasps
  3 orc warriors
  2 ogres
  2 crocodiles
  An earth elemental (Abyss:3)
  A small abomination (Abyss:3)
  3 wights
  4 iron imps (Dis:7)
  A tengu zombie (Tomb:2)
  6 mummies (Tomb:2)
  2 white imps
  2 ufetubi
  59 ball lightnings
  6 briar patches
  6 fungi
  8 lurking horrors
  404 pillars of salt
  158 plants
  292 spectral weapons
  82 starspawn tentacles
  6 tentacles (Coc:5)
  25 withered plants (Crypt:3)
1200 creatures vanquished.

Grand Total: 12463 creatures vanquished

Notes
Turn   | Place    | Note
-------+----------+-------------------------------------------
     0 | D:1      | Virgil the Human Fighter began the quest for the Orb.
     0 | D:1      | Reached XP level 1. HP: 18/18 MP: 1/1
   140 | D:1      | Reached XP level 2. HP: 15/24 MP: 2/2
   426 | D:2      | You fall through a shaft!
   533 | D:3      | Reached XP level 3. HP: 29/29 MP: 3/3
   779 | D:2      | Found a shimmering altar of Xom.
   789 | D:2      | Found a shadowy altar of Dithmenos.
   789 | D:2      | Found a white marble altar of Elyvilon.
   800 | D:2      | Became a worshipper of Elyvilon the Healer
   885 | D:2      | Noticed Robin
   911 | D:2      | Killed Robin
   911 | D:2      | Reached XP level 4. HP: 25/35 MP: 4/4
   980 | D:2      | Found a basalt altar of Yredelemnul.
  1170 | D:3      | Reached * piety under Elyvilon
  1362 | D:3      | Reached XP level 5. HP: 26/41 MP: 5/5
  1959 | D:4      | Reached ** piety under Elyvilon
  1996 | D:4      | Found a deep blue altar of Sif Muna.
  2129 | D:4      | Reached XP level 6. HP: 47/48 MP: 6/6
  2161 | D:4      | Reached skill level 1 in Invocations
  2399 | D:5      | Entered Level 5 of the Dungeon
  2399 | D:5      | Noticed Prince Ribbit
  2454 | D:6      | Reached XP level 7. HP: 36/54 MP: 6/9
  2455 | D:6      | Reached skill level 5 in Long Blades
  2546 | D:5      | Found a snail-covered altar of Cheibriados.
  2547 | D:5      | Found a shattered altar of Ashenzari.
  2589 | D:5      | Found a glowing drain.
  2590 | D:5      | Killed Prince Ribbit
  2590 | D:5      | Reached XP level 8. HP: 35/60 MP: 9/11
  2608 | D:5      | Noticed Menkaure
  2610 | Sewer    | Entered a sewer
  2632 | Sewer    | Noticed Gordan's ghost (amateur TrMo)
  2668 | Sewer    | Killed Gordan's ghost
  2668 | Sewer    | Reached skill level 5 in Invocations
  3190 | D:5      | Killed Menkaure
  3259 | D:5      | Found a blossoming altar of Fedhas.
  3350 | D:6      | Reached XP level 9. HP: 53/65 MP: 14/14
  3421 | D:6      | Found an opulent altar of Gozag.
  3478 | D:6      | Found a radiant altar of Vehumet.
  3540 | D:6      | Reached skill level 1 in Dodging
  3576 | D:6      | Reached *** piety under Elyvilon
  3680 | D:6      | Found a sparkling altar of Nemelex Xobeh.
  3863 | D:7      | Found a shimmering altar of Xom.
  4044 | D:7      | Found a staircase to the Ecumenical Temple.
  4067 | Temple   | Entered the Ecumenical Temple
  4235 | D:7      | Reached skill level 5 in Armour
  4322 | D:7      | Reached **** piety under Elyvilon
  4572 | D:7      | Reached XP level 10. HP: 50/71 MP: 15/15
  4579 | D:7      | Gained mutation: Your spells are a little easier to cast, but a little less powerful. [mutagenic meat]
  4582 | D:7      | Gained mutation: You are weak. (Str -2) [mutagenic meat]
  4585 | D:7      | Gained mutation: Armour fits poorly on your strangely shaped body. [mutagenic meat]
  4588 | D:7      | Gained mutation: Scrolls take you a little longer to read. [mutagenic meat]
  4596 | D:7      | Gained mutation: Your spells are easier to cast, but less powerful. [mutagenic meat]
  4861 | D:8      | Got a heavily runed bone ring
  4866 | D:8      | Identified the ring of Vohotaaf {rC+++ MR- EV+4 Str+5} (You found it on level 8 of the Dungeon)
  4958 | D:8      | Found a shimmering altar of Xom.
  4963 | D:8      | Reached skill level 5 in Shields
  5070 | D:8      | Found Qeij's Weapon Shop.
  5098 | D:8      | Bought a +0 long sword of flaming for 99 gold pieces
  5168 | D:8      | Noticed an elephant
  5169 | D:8      | Found a staircase to the Lair.
  5181 | D:8      | Killed an elephant
  5181 | D:8      | Reached skill level 10 in Long Blades
  5535 | D:9      | Found an iron altar of Okawaru.
  5611 | D:9      | Found a glowing golden altar of the Shining One.
  5612 | D:9      | Found a runed door.
  5612 | D:9      | Noticed an angel
  5699 | D:9      | Learned a level 1 spell: Infusion
  5703 | D:9      | Learned a level 3 spell: Spectral Weapon
  5712 | D:9      | Learned a level 2 spell: Song of Slaying
  5734 | D:9      | Learned a level 2 spell: Blink
  5772 | D:9      | Reached skill level 5 in Dodging
  6057 | D:9      | Found a hide-covered altar of Uskayaw.
  6079 | D:10     | Entered Level 10 of the Dungeon
  6110 | D:10     | Lost mutation: Scrolls take you a little longer to read. [potion of cure mutation]
  6110 | D:10     | Lost mutation: You are weak. (Str -2) [potion of cure mutation]
  6110 | D:10     | Lost mutation: Armour fits poorly on your strangely shaped body. [potion of cure mutation]
  6142 | D:10     | Noticed a hill giant
  6181 | D:10     | Reached XP level 11. HP: 62/77 MP: 16/16
  6364 | D:10     | Reached ***** piety under Elyvilon
  6444 | D:10     | Found a bloodstained altar of Trog.
  6645 | D:10     | Killed a hill giant
  6774 | D:11     | Killed an unseen horror
  6789 | D:11     | Noticed Maurice
  6818 | D:11     | Killed Maurice
  6968 | D:11     | Noticed a brown ugly thing
  7140 | D:11     | Killed an unseen horror
  7152 | D:11     | Noticed Erolcha
  7159 | D:11     | Found a staircase to the Orcish Mines.
  7218 | D:11     | Noticed a hill giant
  7250 | D:11     | Killed a hill giant
  7250 | D:11     | Reached skill level 5 in Fighting
  7299 | D:11     | Noticed Harold
  7323 | D:11     | Killed Harold
  7364 | D:11     | Killed a brown ugly thing
  7368 | D:11     | Killed an unseen horror
  7390 | D:11     | Reached XP level 12. HP: 56/89 MP: 17/17
  7708 | Temple   | Fell from the grace of Elyvilon
  7708 | Temple   | Became a worshipper of Zin the Law-Giver
  7708 | Temple   | Reached * piety under Zin
  7708 | Temple   | Reached ** piety under Zin
  7708 | Temple   | Reached *** piety under Zin
  7829 | Orc:1    | Entered Level 1 of the Orcish Mines
  7926 | Orc:1    | Reached **** piety under Zin
  7958 | Orc:1    | Found a radiant altar of Vehumet.
  8059 | Orc:2    | Entered Level 2 of the Orcish Mines
  8106 | Orc:2    | Noticed a soul eater
  8311 | Orc:2    | Reached ***** piety under Zin
  8509 | Orc:2    | Found a staircase to the Elven Halls.
  8934 | Orc:2    | Noticed an orc high priest
  8944 | Orc:2    | Noticed a sun demon
  8947 | Orc:2    | Killed an orc high priest
  9251 | Orc:2    | Noticed an orc high priest
  9299 | Orc:2    | Killed an orc high priest
  9299 | Orc:2    | Reached skill level 10 in Invocations
  9374 | Orc:2    | Noticed an orc high priest
  9388 | Orc:2    | Killed an orc high priest
  9388 | Orc:2    | Reached XP level 13. HP: 73/101 MP: 18/20
  9633 | Orc:2    | Reached skill level 10 in Fighting
  9795 | Orc:2    | Found Muachag's General Store.
  9797 | Orc:2    | Found Jiosh's Antique Armour Emporium.
  9800 | Orc:2    | Found Zudwilug's Distillery.
  9801 | Orc:2    | Found Emesh's General Store.
  9806 | Orc:2    | Bought a pair of boots for 117 gold pieces
  9806 | Orc:2    | Bought a pair of gloves for 117 gold pieces
  9817 | Orc:2    | Bought a potion of heal wounds for 75 gold pieces
  9818 | Orc:2    | Bought a spiked leather armour for 182 gold pieces
  9820 | Orc:2    | Bought a potion of heal wounds for 75 gold pieces
  9820 | Orc:2    | Bought a potion of heal wounds for 75 gold pieces
  9820 | Orc:2    | Bought a potion of might for 60 gold pieces
  9820 | Orc:2    | Bought a potion of heal wounds for 75 gold pieces
  9820 | Orc:2    | Bought a potion of heal wounds for 75 gold pieces
  9830 | Orc:2    | Identified the +1 leather armour "Wuskaif" {Dex+3} (You bought it in a shop on level 2 of the Orcish Mines)
  9864 | Orc:2    | Bought a scroll of identify for 28 gold pieces
  9864 | Orc:2    | Bought a scroll of enchant weapon for 105 gold pieces
 10219 | Lair:1   | Entered Level 1 of the Lair of Beasts
 10991 | Lair:2   | Found a staircase to the Snake Pit.
 11167 | Lair:2   | Upgraded the game from 0.19-a0-1224-g978f909 to 0.19-a0-1225-gf887c1c
 11378 | Lair:3   | Reached skill level 1 in Hexes
 11378 | Lair:3   | Reached skill level 1 in Charms
 11395 | Lair:3   | Reached skill level 1 in Spellcasting
 11457 | Lair:3   | Reached XP level 14. HP: 84/110 MP: 8/22
 11575 | Lair:3   | Noticed porpoise's ghost (journeyman HEGl)
 11729 | Lair:3   | Reached skill level 10 in Armour
 11871 | Lair:3   | Killed porpoise's ghost
 12421 | Lair:4   | Found a staircase to the Shoals.
 12560 | Lair:4   | Reached skill level 5 in Charms
 12855 | Lair:5   | Noticed Josephine
 12890 | Lair:5   | Killed Josephine
 13366 | Lair:5   | Reached XP level 15. HP: 91/118 MP: 23/23
 13516 | Lair:6   | Entered Level 6 of the Lair of Beasts
 13522 | Lair:6   | Found a staircase to the Slime Pits.
 13861 | Lair:6   | Noticed Snorg
 13887 | Lair:6   | Killed Snorg
 14382 | Lair:6   | Reached skill level 5 in Spellcasting
 15084 | Snake:1  | Entered Level 1 of the Snake Pit
 15271 | Snake:1  | Donated 245 gold pieces to Zin
 15397 | Snake:1  | Found Yhamic's Antique Weapon Emporium.
 15428 | Snake:1  | Reached XP level 16. HP: 103/127 MP: 23/25
 16855 | Snake:3  | Noticed a greater naga
 17164 | Snake:2  | Reached skill level 10 in Dodging
 17837 | Snake:3  | Found Jeitwof's Jewellery Shoppe.
 17837 | Snake:3  | Found Kimeut's Gadget Boutique.
 17838 | Snake:3  | Found Calyucli's Gadget Boutique.
 17952 | Snake:3  | Killed a greater naga
 17952 | Snake:3  | Reached XP level 17. HP: 47/135 MP: 2/26
 18145 | Snake:3  | Reached ****** piety under Zin
 18150 | Snake:4  | Entered Level 4 of the Snake Pit
 18161 | Snake:4  | Noticed Agnes
 18173 | Snake:4  | Killed Agnes
 18418 | Snake:4  | Found Wiydia Soxo's Antique Weapon Emporium.
 18451 | Snake:4  | Bought a polished rapier for 279 gold pieces
 18451 | Snake:4  | Identified the +4 rapier "Unoss" {venom, MP+9 Str+3 Dex+3} (You bought it in a shop on level 4 of the Snake Pit)
 18492 | Snake:4  | Found a frozen archway.
 18532 | IceCv    | Entered an ice cave
 18896 | IceCv    | Noticed an Ice Fiend
 18921 | IceCv    | Killed an Ice Fiend
 19180 | Snake:4  | Found Zewi's Jewellery Boutique.
 19190 | Snake:4  | Noticed Aizul
 19666 | Snake:4  | Found Joym's Food Emporium.
 19705 | Snake:4  | Identified a scroll of acquirement
 20497 | Snake:4  | Killed Aizul
 21004 | Snake:4  | Reached XP level 18. HP: 139/145 MP: 19/27
 21896 | Snake:4  | Got a serpentine rune of Zot
 22178 | Shoals:1 | Entered Level 1 of the Shoals
 22350 | Shoals:1 | Noticed tempioso's ghost (journeyman TeBe)
 22392 | Shoals:1 | Killed tempioso's ghost
 23359 | Shoals:3 | Reached skill level 15 in Long Blades
 23613 | Shoals:3 | Paralysed by a Zot trap for 5 turns
 23670 | Shoals:4 | Entered Level 4 of the Shoals
 24134 | Shoals:3 | Reached XP level 19. HP: 144/152 MP: 28/28
 24215 | Shoals:3 | Found Noofei's Distillery.
 24223 | Shoals:3 | Bought 2 potions of curing for 84 gold pieces
 24223 | Shoals:3 | Bought a potion of heal wounds for 70 gold pieces
 24223 | Shoals:3 | Bought a potion of agility for 56 gold pieces
 24223 | Shoals:3 | Bought a potion of agility for 56 gold pieces
 24605 | Shoals:4 | Got a warped bone ring
 24921 | Shoals:4 | Identified the ring "Raipsiho" {-Tele +Inv MR+ Int+3 Dex+9} (You took it off a merfolk on level 4 of the Shoals)
 25186 | Shoals:4 | Reached skill level 15 in Armour
 25261 | Shoals:4 | Noticed Ilsuiw
 25304 | Shoals:4 | Got a barnacled rune of Zot
 25591 | Snake:3  | Bought an uncursed amulet of rage for 680 gold pieces
 26044 | D:12     | Noticed Frances
 26057 | D:12     | Killed Frances
 26474 | D:13     | Got a slimy ring mail
 26475 | D:13     | Identified the +4 ring mail of the Land of Plenty {Int+2} (You found it on level 13 of the Dungeon)
 26609 | D:13     | Found a gate to the Vaults.
 26971 | D:13     | Killed Erolcha
 27053 | D:13     | Noticed jlc4533's ghost (amateur FoAK)
 27058 | D:13     | Killed jlc4533's ghost
 27387 | D:14     | Got a warped long sword
 27417 | D:14     | Identified the +7 long sword of Karma {drain, Dex+2} (You found it on level 14 of the Dungeon)
 27452 | D:14     | Got a steaming hat
 27463 | D:14     | Identified the +0 hat of Wyeck {+Fly rElec rF- Regen+} (You acquired it on level 14 of the Dungeon)
 27575 | D:15     | Entered Level 15 of the Dungeon
 27857 | D:15     | Found a staircase to the Depths.
 27867 | D:15     | Reached XP level 20. HP: 136/160 MP: 23/30
 28259 | D:15     | Found a shattered altar of Ashenzari.
 28423 | Depths:1 | Entered Level 1 of the Depths
 28485 | Depths:1 | Found a gateway to Hell.
 28708 | Depths:1 | HP: 6/161 [fire giant/bolt of fire (16)]
 28930 | Depths:1 | Got a heavily runed ring mail
 28931 | Depths:1 | Identified the +2 ring mail of the Guild-Master {rElec Str-5 Int+3} (You found it on level 1 of the Depths)
 28989 | Depths:1 | Found a one-way gate leading to the halls of Pandemonium.
 29186 | Depths:1 | Reached skill level 15 in Fighting
 29529 | Depths:2 | Donated 456 gold pieces to Zin
 29610 | Depths:2 | Noticed an ancient lich
 29638 | Depths:2 | Found a gateway to a ziggurat.
 29711 | Depths:2 | Found Ippa's Demolitions Depot.
 29888 | Depths:2 | Noticed Margery
 30899 | Depths:3 | Reached skill level 15 in Invocations
 31270 | Vaults:1 | Entered Level 1 of the Vaults
 31297 | Vaults:1 | Reached XP level 21. HP: 158/170 MP: 32/32
 31454 | Vaults:1 | Donated 246 gold pieces to Zin
 32350 | Vaults:1 | Noticed Jorgrun
 32362 | Vaults:1 | Killed Jorgrun
 33657 | Vaults:2 | Found a staircase to the Crypt.
 33737 | Vaults:2 | Learned a level 2 spell: Repel Missiles
 33833 | Vaults:2 | Noticed Saint Roka
 34181 | Vaults:3 | Lost mutation: Your spells are easier to cast, but less powerful. [potion of cure mutation]
 34181 | Vaults:3 | Lost mutation: Your spells are a little easier to cast, but a little less powerful. [potion of cure mutation]
 34379 | Vaults:3 | Found a portal to a secret trove of treasure.
 34480 | Vaults:3 | Noticed Jory
 34752 | Vaults:3 | Killed Jory
 35045 | Vaults:3 | Reached XP level 22. HP: 181/181 MP: 33/33
 37194 | Vaults:4 | Reached XP level 23. HP: 186/189 MP: 23/35
 37850 | Vaults:5 | Entered Level 5 of the Vaults
 38499 | Vaults:5 | Got a warped ring mail
 38519 | Vaults:5 | Identified the Almanac of Attacks and Weightlessness
 38526 | Vaults:5 | Identified Asoehaidgh's Volume of Self-Knowledge and Evil
 38537 | Vaults:5 | Learned a level 6 spell: Haste
 38554 | Vaults:5 | Identified the Grimoire of Arcane Weapons
 38658 | Vaults:5 | Got a silver rune of Zot
 38847 | Vaults:5 | Reached skill level 10 in Shields
 39154 | Vaults:5 | Reached skill level 15 in Dodging
 39165 | Vaults:5 | Reached XP level 24. HP: 197/197 MP: 17/35
 39335 | Vaults:5 | HP: 8/197 [titan (39)]
 39336 | Vaults:5 | Zin protects you from harm!
 39563 | Vaults:5 | Identified the Compendium of Flamy Ice
 39636 | Vaults:5 | Got a transparent marble ring
 39669 | Vaults:5 | Identified the ring "Nikkyutz" {rElec rN+ Dex+4 SInv} (You took it off a deep elf death mage on level 5 of the Vaults)
 39836 | Vaults:5 | Reached skill level 10 in Charms
 40264 | Vaults:5 | Reached skill level 10 in Spellcasting
 40370 | Vaults:5 | Got a scorched ruby amulet
 41092 | Depths:2 | Found a one-way gate to the infinite horrors of the Abyss.
 41379 | Depths:2 | Identified the amulet "Wytaf" {Gourm rPois rC- rN+++ Int+4} (You took it off a deep elf annihilator on level 5 of the Vaults)
 41701 | Depths:3 | Identified the +2 ring mail "Esoan" {rN+} (You took it off a deep elf high priest on level 5 of the Vaults)
 41905 | Depths:3 | Noticed a juggernaut
 41919 | Depths:3 | Killed a juggernaut
 41919 | Depths:3 | Reached XP level 25. HP: 95/204 MP: 22/37
 43189 | Depths:3 | Paralysed by something for 7 turns
 43479 | Depths:3 | Paralysed by a lich for 5 turns
 44247 | Depths:3 | Noticed a caustic shrike
 44260 | Depths:3 | Killed a caustic shrike
 44796 | Depths:3 | Got a pair of scorched gloves
 44797 | Depths:3 | Identified the cursed +0 pair of gloves "Jarchuwko" {*Corrode rElec rC+ Stlth+} (You found it on level 3 of the Depths)
 45610 | Depths:3 | Reached XP level 26. HP: 211/211 MP: 24/37
 46277 | Depths:4 | Noticed a juggernaut
 46293 | Depths:4 | Killed a juggernaut
 46774 | Depths:4 | Paralysed by a giant eyeball for 3 turns
 48575 | Depths:4 | Got a distressingly furry plate armour
 48646 | Depths:4 | Identified the cursed +1 plate armour of Doolit {rF+ MR+ Str-4 SInv} (You found it on level 4 of the Depths)
 49035 | Elf:1    | Entered Level 1 of the Elven Halls
 49189 | Elf:1    | Got a scorched scale mail
 49190 | Elf:1    | Identified the +0 scale mail of Gehenna {*Corrode +Blink rPois Int-3} (You found it on level 1 of the Elven Halls)
 49322 | Elf:1    | Noticed Louise
 49340 | Elf:1    | Killed Louise
 49471 | Elf:1    | Reached XP level 27. HP: 221/221 MP: 30/37
 49484 | Elf:1    | Identified Ciraxor's Grimoire of Supportive Arcane Weapons
 49694 | Elf:2    | Found Ilerr's Antique Weapon Shop.
 49882 | Elf:2    | Found a runed gate.
 49882 | Elf:2    | Found a runed gate.
 49882 | Elf:2    | Found a runed gate.
 50161 | Elf:2    | Noticed Asterion
 50209 | Elf:2    | Killed Asterion
 50229 | Elf:2    | Upgraded the game from 0.19-a0-1225-gf887c1c to 0.19-a0-1239-gbb8a913
 50616 | Elf:3    | Entered Level 3 of the Elven Halls
 51061 | Elf:3    | Found a radiant altar of Vehumet.
 51865 | Elf:3    | Learned a level 6 spell: Deflect Missiles
 51898 | Elf:3    | Got a pair of brightly glowing gloves
 51899 | Elf:3    | Identified the +3 pair of gloves "Genn" {rElec MR+} (You found it on level 3 of the Elven Halls)
 51969 | Elf:3    | Identified the Tome of Creative Lightness
 51999 | Elf:3    | Got a crude great sword
 52001 | Elf:3    | Identified the +10 great sword "Giynent" {venom, Str+5} (You found it on level 3 of the Elven Halls)
 52737 | D:9      | Fell from the grace of Zin
 52737 | D:9      | Became a worshipper of the Shining One
 52737 | D:9      | Reached * piety under the Shining One
 52737 | D:9      | Reached ** piety under the Shining One
 52737 | D:9      | Reached *** piety under the Shining One
 52937 | Depths:1 | Reached **** piety under the Shining One
 53059 | Depths:2 | Voluntarily entered the Abyss.
 53062 | Abyss:1  | Found a bloodstained altar of Trog.
 53591 | Abyss:1  | Reached ***** piety under the Shining One
 53599 | Abyss:1  | Gained mutation: Potions and wands are less effective at restoring your health. [mutagenic glow]
 53691 | Abyss:1  | Paralysed by accursed screaming for 1 turns
 53697 | Abyss:1  | Paralysed by accursed screaming for 1 turns
 53733 | Abyss:2  | Found a corrupted altar of Lugonu.
 54005 | Abyss:2  | Found a corrupted altar of Lugonu.
 54018 | Abyss:2  | Found a corrupted altar of Lugonu.
 54099 | Abyss:2  | Paralysed by accursed screaming for 1 turns
 54221 | Abyss:2  | Paralysed by accursed screaming for 2 turns
 54424 | Abyss:2  | Reached ****** piety under the Shining One
 55892 | Abyss:2  | Paralysed by accursed screaming for 1 turns
 56280 | Abyss:2  | Identified a +6 eudemon blade of holy wrath (a +4 demon blade of venom blessed by the Shining One)
 56280 | Abyss:2  | Received a gift from the Shining One
 57215 | Abyss:3  | Found a corrupted altar of Lugonu.
 57740 | Abyss:3  | Paralysed by accursed screaming for 1 turns
 57757 | Abyss:3  | Paralysed by accursed screaming for 2 turns
 57781 | Abyss:3  | Paralysed by accursed screaming for 2 turns
 57843 | Abyss:3  | HP: 9/224 [daeva/divine providence (9)]
 57955 | Abyss:3  | Gained mutation: Your body often deteriorates upon taking damage. [mutagenic glow]
 58727 | Abyss:3  | Paralysed by accursed screaming for 1 turns
 58967 | Abyss:3  | Found a corrupted altar of Lugonu.
 59018 | Abyss:3  | Found a corrupted altar of Lugonu.
 59324 | Abyss:3  | Found a corrupted altar of Lugonu.
 59542 | Abyss:3  | Reached skill level 15 in Shields
 59677 | Abyss:3  | Upgraded the game from 0.19-a0-1239-gbb8a913 to 0.19-a0-1292-g796ee4d
 59679 | Depths:2 | Escaped the Abyss
 59712 | Depths:2 | Killed Margery
 59833 | Hell     | Entered the Vestibule of Hell
 59833 | Hell     | Noticed Geryon
 59860 | Hell     | Killed Geryon
 60219 | Temple   | Fell from the grace of the Shining One
 60219 | Temple   | Became a worshipper of Zin the Law-Giver
 60240 | D:7      | Identified a +0 pair of boots of running (You found it on level 3 of the Abyss)
 60549 | Depths:2 | Voluntarily entered the Abyss.
 60594 | Abyss:1  | Noticed an ancient lich
 60798 | Abyss:1  | Donated 1628 gold pieces to Zin
 60990 | Abyss:2  | Got a bloodstained dagger
 60991 | Abyss:2  | Identified the +3 dagger of Ravage {drain, Str+2} (You found it on level 2 of the Abyss)
 61015 | Abyss:3  | Found a corrupted altar of Lugonu.
 61260 | Abyss:3  | Found a corrupted altar of Lugonu.
 61545 | Abyss:3  | Found a hide-covered altar of Uskayaw.
 61932 | Abyss:3  | Received a gift from Zin
 61932 | Abyss:3  | Lost mutation: Your body sometimes deteriorates upon taking damage. [Zin's power]
 61932 | Abyss:3  | Lost mutation: Potions and wands are less effective at restoring your health. [Zin's power]
 62124 | Abyss:3  | Found a corrupted altar of Lugonu.
 62138 | Abyss:3  | Learned a level 2 spell: Swiftness
 62714 | Abyss:3  | Reached skill level 1 in Stealth
 62714 | Abyss:3  | Reached skill level 1 in Air Magic
 62733 | Abyss:3  | Paralysed by accursed screaming for 2 turns
 63122 | Abyss:3  | Reached skill level 15 in Charms
 63219 | Abyss:3  | Got an abyssal rune of Zot
 63289 | Abyss:3  | Found an ancient bone altar of Kikubaaqudgha.
 63406 | Abyss:3  | Reached skill level 5 in Stealth
 63513 | Depths:2 | Escaped the Abyss
 63549 | Depths:2 | Reached skill level 5 in Air Magic
 63931 | Slime:1  | Entered Level 1 of the Pits of Slime
 64675 | Slime:2  | Paralysed by a giant eyeball for 4 turns
 64709 | Slime:2  | Paralysed by a giant eyeball for 2 turns
 65727 | Slime:5  | Entered Level 5 of the Pits of Slime
 65941 | Slime:5  | Found a viscous altar of Jiyva.
 65941 | Slime:5  | Noticed the Royal Jelly
 65956 | Slime:5  | Killed the Royal Jelly
 66015 | Slime:5  | Got a wavering glass ring
 66019 | Slime:5  | Got a ring of the Octopus King
 66027 | Slime:5  | Learned a level 4 spell: Airstrike
 66041 | Slime:5  | Learned a level 9 spell: Tornado
 66042 | Slime:5  | Got a slimy plate armour
 66082 | Slime:5  | Identified the ring of Bodily Harmony {rElec rF+ Str+5 Stlth-} (You found it on level 5 of the Pits of Slime)
 66085 | Slime:5  | Identified a ring of the Octopus King {Wiz AC+1 EV+1 Str+1 Int+1 Dex+1} (You found it on level 5 of the Pits of Slime)
 66099 | Slime:5  | Identified the +1 plate armour of the Big Bang {MR+} (You found it on level 5 of the Pits of Slime)
 66161 | Slime:5  | Got a slimy rune of Zot
 66167 | Slime:5  | Identified the Reference Book on Aerial Sinister Rites
 66186 | Slime:5  | Got a twisted cloak
 66197 | Slime:5  | Identified the cursed +0 cloak of Circular Logic {rPois Dex+6} (You found it on level 5 of the Pits of Slime)
 66653 | Pan      | Entered Pandemonium
 66922 | Pan      | Found an exit through the horrors of the Abyss.
 66946 | Pan      | Found a huge runed gate.
 67000 | Pan      | Noticed Juad the pandemonium lord
 67019 | Pan      | Killed Juad the pandemonium lord
 67128 | Pan      | Found an exit through the horrors of the Abyss.
 67272 | Pan      | Noticed Boqihar the pandemonium lord
 67295 | Pan      | Killed Boqihar the pandemonium lord
 67812 | Pan      | Found an exit through the horrors of the Abyss.
 68027 | Pan      | Noticed Qeikkah the pandemonium lord
 68036 | Pan      | Killed Qeikkah the pandemonium lord
 68478 | Pan      | Found an exit through the horrors of the Abyss.
 68585 | Pan      | Noticed Itweqeapi the pandemonium lord
 68602 | Pan      | Killed Itweqeapi the pandemonium lord
 68637 | Pan      | Noticed Zihibb the pandemonium lord
 68668 | Pan      | Killed Zihibb the pandemonium lord
 68788 | Pan      | Noticed Anisut the pandemonium lord
 68898 | Pan      | Killed Anisut the pandemonium lord
 69142 | Pan      | Found an exit through the horrors of the Abyss.
 69361 | Pan      | Found a huge runed gate.
 69385 | Pan      | Noticed Juhog the pandemonium lord
 69401 | Pan      | Killed Juhog the pandemonium lord
 69815 | Pan      | Found a runed door.
 69830 | Pan      | Found a runed door.
 69874 | Pan      | Found a runed door.
 69904 | Pan      | Noticed Tomnahai the pandemonium lord
 69908 | Pan      | Found a runed door.
 69916 | Pan      | Killed Tomnahai the pandemonium lord
 69926 | Pan      | Learned a level 1 spell: Summon Butterflies
 70001 | Pan      | Noticed Moigianoe the pandemonium lord
 70010 | Pan      | Killed Moigianoe the pandemonium lord
 70335 | Pan      | Noticed Tinlirer the pandemonium lord
 70390 | Pan      | Killed Tinlirer the pandemonium lord
 70806 | Pan      | Noticed Zeudalea the pandemonium lord
 70817 | Pan      | Killed Zeudalea the pandemonium lord
 70892 | Pan      | Got a heavily runed granite ring
 70979 | Pan      | Noticed Zuonunikk the pandemonium lord
 70987 | Pan      | Killed Zuonunikk the pandemonium lord
 71486 | Pan      | Found an exit through the horrors of the Abyss.
 71595 | Pan      | Noticed Nemim the pandemonium lord
 71611 | Pan      | Killed Nemim the pandemonium lord
 71919 | Pan      | Noticed Sytackab the pandemonium lord
 71950 | Pan      | Paralysed by a giant eyeball for 3 turns
 71955 | Pan      | Killed Sytackab the pandemonium lord
 71993 | Pan      | Reached skill level 10 in Air Magic
 72065 | Pan      | Found an exit through the horrors of the Abyss.
 72315 | Pan      | Identified the ring of Cuyb {rElec MR+ MP-9 Str+6 Slay+2} (You found it in Pandemonium)
 72364 | Pan      | Found an exit through the horrors of the Abyss.
 72440 | Pan      | Got a twisted plate armour
 72441 | Pan      | Identified the +10 plate armour of Noon {+Inv rCorr Dex+4} (You found it in Pandemonium)
 72627 | Pan      | Noticed Nimelin the pandemonium lord
 72637 | Pan      | Killed Nimelin the pandemonium lord
 72640 | Pan      | Reached skill level 27 in Invocations
 73558 | Pan      | Noticed Mennas
 73558 | Pan      | Found an exit through the horrors of the Abyss.
 73586 | Pan      | Killed Mennas
 73843 | Pan      | Noticed Ziuwk the pandemonium lord
 73872 | Pan      | Killed Ziuwk the pandemonium lord
 73927 | Pan      | Got a pair of slimy gloves
 73956 | Pan      | Identified the +0 pair of gloves of Mynurchua {-Cast rPois rC+ rN++} (You found it in Pandemonium)
 75111 | Pan      | Noticed Vopo the pandemonium lord
 75150 | Pan      | Killed Vopo the pandemonium lord
 75157 | Pan      | Got a demonic rune of Zot
 75748 | Pan      | Found an exit through the horrors of the Abyss.
 75944 | Pan      | Noticed Vonikonn the pandemonium lord
 75968 | Pan      | Killed Vonikonn the pandemonium lord
 76408 | Pan      | Reached skill level 15 in Air Magic
 78469 | Pan      | Got a warped dagger
 78494 | Pan      | Entered the realm of Cerebov.
 78495 | Pan      | Identified the cursed +0 dagger "Wayrch" {pierce, Int+3} (You found it in Pandemonium)
 78615 | Pan      | Found an exit through the horrors of the Abyss.
 78818 | Pan      | Noticed Cerebov
 79356 | Pan      | Killed Cerebov
 79366 | Pan      | Got a fine turquoise ring
 79371 | Pan      | Got a fiery rune of Zot
 79514 | Pan      | Got a warped marble ring
 79520 | Pan      | Identified the ring of Tachoiqi {+Blink +Fly Str+4 Stlth+} (You found it in Pandemonium)
 79522 | Pan      | Identified the ring "Fomer" {rF+ rC+ Int+3} (You took it off a balrug in Pandemonium)
 79588 | Pan      | Got a pitted turquoise ring
 79589 | Pan      | Identified the ring of Ceamaig {Str+4 Dex+4 Stlth+} (You found it in Pandemonium)
 79596 | Pan      | Identified the Tome of Harmful Enchantment
 79733 | Pan      | Upgraded the game from 0.19-a0-1292-g796ee4d to 0.19-a0-1326-gee3fcf6
 79864 | Pan      | Found an exit through the horrors of the Abyss.
 80120 | Pan      | Noticed Netawirgh the pandemonium lord
 80135 | Pan      | Killed Netawirgh the pandemonium lord
 80552 | Pan      | Noticed Teagha Pegh the pandemonium lord
 80557 | Pan      | Killed Teagha Pegh the pandemonium lord
 80856 | Pan      | Noticed Voggozagg the pandemonium lord
 80868 | Pan      | Killed Voggozagg the pandemonium lord
 81006 | Pan      | Entered the realm of Lom Lobon.
 82571 | Pan      | Noticed Lom Lobon
 82786 | Pan      | Killed Lom Lobon
 82811 | Pan      | Reached skill level 15 in Spellcasting
 82823 | Pan      | Got a magical rune of Zot
 83330 | Pan      | Noticed Gelutek the pandemonium lord
 83337 | Pan      | Killed Gelutek the pandemonium lord
 83427 | Pan      | Found an exit through the horrors of the Abyss.
 83951 | Pan      | Noticed Bacsaf the pandemonium lord
 83971 | Pan      | Killed Bacsaf the pandemonium lord
 84076 | Pan      | Found an exit through the horrors of the Abyss.
 84297 | Pan      | Found an exit through the horrors of the Abyss.
 84427 | Pan      | Entered the realm of Gloorx Vloq.
 84496 | Pan      | Found an exit through the horrors of the Abyss.
 84876 | Pan      | Noticed Gloorx Vloq
 84889 | Pan      | Killed Gloorx Vloq
 84900 | Pan      | Got a dark rune of Zot
 84992 | Pan      | Entered the realm of Mnoleg.
 85025 | Pan      | Found an exit through the horrors of the Abyss.
 85210 | Pan      | Noticed Mnoleg
 85224 | Pan      | Killed Mnoleg
 85233 | Pan      | Got a glowing rune of Zot
 85454 | Pan      | Found an exit through the horrors of the Abyss.
 85733 | Pan      | Noticed Waemuina the pandemonium lord
 85745 | Pan      | Killed Waemuina the pandemonium lord
 86184 | Pan      | Found an exit through the horrors of the Abyss.
 86382 | Pan      | Noticed Pinnuif the pandemonium lord
 86391 | Pan      | Killed Pinnuif the pandemonium lord
 86554 | Pan      | Noticed Xuts the pandemonium lord
 86600 | Pan      | Killed Xuts the pandemonium lord
 86650 | Pan      | Noticed Ukeiha the pandemonium lord
 86659 | Pan      | Killed Ukeiha the pandemonium lord
 86722 | Depths:1 | Escaped Pandemonium
 87135 | Crypt:1  | Entered Level 1 of the Crypt
 87317 | Crypt:1  | Noticed Frederick
 87328 | Crypt:1  | Killed Frederick
 88691 | Crypt:3  | Entered Level 3 of the Crypt
 89248 | Crypt:3  | Found a staircase to the Tomb.
 89702 | Crypt:3  | Found an ancient bone altar of Kikubaaqudgha.
 89704 | Crypt:3  | Noticed an ancient lich
 89711 | Crypt:3  | Killed an ancient lich
 89739 | Crypt:3  | Identified the Compendium of the Glacier and the Mountains
 89749 | Crypt:3  | Noticed an ancient lich
 89755 | Crypt:3  | Killed an ancient lich
 89980 | Tomb:1   | Entered Level 1 of the Tomb of the Ancients
 90554 | Tomb:1   | Identified the Reference Book on Creation
 91038 | Tomb:2   | Noticed an ancient lich
 91039 | Tomb:2   | Noticed a greater mummy
 91041 | Tomb:2   | Noticed a greater mummy
 91044 | Tomb:2   | Noticed a greater mummy
 91047 | Tomb:2   | Killed an ancient lich
 91055 | Tomb:2   | Killed a greater mummy
 91058 | Tomb:2   | Killed a greater mummy
 91062 | Tomb:2   | Killed a greater mummy
 91174 | Tomb:2   | Noticed Khufu
 91175 | Tomb:2   | Noticed a greater mummy
 91188 | Tomb:2   | Killed a greater mummy
 91191 | Tomb:2   | Killed Khufu
 91963 | Tomb:3   | Entered Level 3 of the Tomb of the Ancients
 91977 | Tomb:3   | Noticed a greater mummy
 91977 | Tomb:3   | Noticed a greater mummy
 91977 | Tomb:3   | Noticed a greater mummy
 91978 | Tomb:3   | Noticed a greater mummy
 92393 | Tomb:3   | Noticed a greater mummy
 92396 | Tomb:3   | Noticed a greater mummy
 92406 | Tomb:3   | Noticed a greater mummy
 92409 | Tomb:3   | Noticed a greater mummy
 92776 | Tomb:3   | Killed a greater mummy
 92786 | Tomb:2   | Killed a greater mummy
 92794 | Tomb:2   | Killed a greater mummy
 93209 | Tomb:3   | Noticed a greater mummy
 93215 | Tomb:3   | Killed a greater mummy
 93218 | Tomb:3   | Killed a greater mummy
 93219 | Tomb:3   | Killed a greater mummy
 93222 | Tomb:2   | Killed a greater mummy
 93224 | Tomb:2   | Killed a greater mummy
 93859 | Tomb:3   | Killed a greater mummy
 94009 | Tomb:3   | Got a brightly glowing copper ring
 94010 | Tomb:3   | Identified the ring of Tayg {rN+ Str+9 SInv} (You found it on level 3 of the Tomb of the Ancients)
 94298 | Tomb:3   | Got a golden rune of Zot
 95037 | Hell     | Found a gateway to the freezing wastes of Cocytus.
 95143 | Hell     | Found a gateway to the ashen valley of Gehenna.
 95167 | Geh:1    | Entered Level 1 of Gehenna
 97871 | Geh:7    | Entered Level 7 of Gehenna
 98588 | Geh:7    | Got a smoking plate armour
 98589 | Geh:7    | Identified the cursed +1 plate armour "Ynuar" {rPois rC- Str+3 SInv} (You found it on level 7 of Gehenna)
 99069 | Geh:7    | Got a scintillating copper amulet
 99070 | Geh:7    | Identified the amulet "Meuggoc" {RegenMP MR+ Str-4 Int+4} (You found it on level 7 of Gehenna)
 99537 | Geh:7    | Noticed Asmodeus
 99552 | Geh:7    | Killed Asmodeus
 99556 | Geh:7    | Got an obsidian rune of Zot
 99773 | Hell     | Found a gateway to the Iron City of Dis.
 99783 | Dis:1    | Entered Level 1 of the Iron City of Dis
100344 | Dis:2    | Reached skill level 27 in Long Blades
104318 | Dis:7    | Entered Level 7 of the Iron City of Dis
104345 | Dis:7    | Upgraded the game from 0.19-a0-1326-gee3fcf6 to 0.19-a0-1346-g7941943
105005 | Dis:7    | Noticed the Serpent of Hell
105055 | Dis:7    | Killed the Serpent of Hell
105055 | Dis:7    | Reached skill level 27 in Fighting
105953 | Dis:7    | Got a crude plate armour
105969 | Dis:7    | Identified the +5 plate armour of Gluttony {rElec Int+2} (You took it off an iron imp on level 7 of the Iron City of Dis)
106130 | Dis:7    | Identified Eschemma's Grimoire of Lethal Feathers
106310 | Dis:7    | Learned a level 1 spell: Apportation
106513 | Dis:7    | Noticed Dispater
106539 | Dis:7    | Killed Dispater
106554 | Dis:7    | Got an iron rune of Zot
106841 | Hell     | Found a gateway to the decaying netherworld of Tartarus.
106990 | Tar:1    | Entered Level 1 of Tartarus
107514 | Tar:1    | Noticed an ancient lich
107517 | Tar:1    | Noticed an ancient lich
107526 | Tar:1    | Killed an ancient lich
107533 | Tar:1    | Killed an ancient lich
108074 | Tar:1    | Reached skill level 27 in Armour
111586 | Tar:7    | Entered Level 7 of Tartarus
111651 | Tar:7    | Got a scintillating zirconium amulet
111652 | Tar:7    | Identified the amulet "Hikeav" {Inacc -Tele Str+5} (You found it on level 7 of Tartarus)
111842 | Tar:7    | Got a translucent demon blade
112091 | Tar:7    | Noticed an ancient lich
112102 | Tar:7    | Killed an ancient lich
112105 | Tar:7    | Got a vibrating zirconium amulet
112125 | Tar:7    | Identified the amulet "Jedghon" {Dismiss rPois} (You found it on level 7 of Tartarus)
112381 | Tar:7    | Identified the Disquisition on Evil Flight
112413 | Tar:7    | Identified the Papyrus of Feathers and Enhancements
112422 | Tar:7    | Learned a level 6 spell: Poisonous Cloud
112720 | Tar:7    | Noticed Ereshkigal
112733 | Tar:7    | Killed Ereshkigal
112733 | Tar:7    | Reached skill level 27 in Dodging
112757 | Tar:7    | Got a bone rune of Zot
112870 | Tar:7    | Reached skill level 1 in Throwing
113252 | Coc:1    | Entered Level 1 of Cocytus
113478 | Coc:2    | Noticed a shard shrike
113489 | Coc:2    | Killed a shard shrike
113489 | Coc:2    | Reached skill level 5 in Throwing
113762 | Coc:4    | Noticed a shard shrike
113764 | Coc:4    | Noticed a shard shrike
113767 | Coc:4    | Noticed a shard shrike
113776 | Coc:4    | Killed a shard shrike
113784 | Coc:4    | Killed a shard shrike
113790 | Coc:4    | Killed a shard shrike
113841 | Coc:4    | Noticed a shard shrike
113847 | Coc:4    | Killed a shard shrike
114201 | Coc:5    | Reached skill level 10 in Throwing
114260 | Coc:5    | Noticed a shard shrike
114266 | Coc:5    | Killed a shard shrike
114856 | Coc:6    | Noticed a shard shrike
114856 | Coc:6    | Noticed a shard shrike
114857 | Coc:6    | Noticed a shard shrike
114858 | Coc:6    | Noticed a shard shrike
114868 | Coc:6    | Killed a shard shrike
114875 | Coc:6    | Killed a shard shrike
114881 | Coc:6    | Killed a shard shrike
114883 | Coc:6    | Killed a shard shrike
114924 | Coc:6    | Noticed a shard shrike
114930 | Coc:6    | Killed a shard shrike
115163 | Coc:6    | Noticed a shard shrike
115163 | Coc:6    | Noticed a shard shrike
115163 | Coc:6    | Noticed a shard shrike
115171 | Coc:6    | Killed a shard shrike
115179 | Coc:6    | Killed a shard shrike
115181 | Coc:6    | Killed a shard shrike
115309 | Coc:6    | Noticed a shard shrike
115312 | Coc:6    | Noticed a shard shrike
115316 | Coc:6    | Noticed a shard shrike
115320 | Coc:6    | Killed a shard shrike
115332 | Coc:6    | Killed a shard shrike
115342 | Coc:6    | Killed a shard shrike
115389 | Coc:6    | Noticed a shard shrike
115389 | Coc:6    | Noticed a shard shrike
115392 | Coc:6    | Noticed a shard shrike
115398 | Coc:6    | Killed a shard shrike
115399 | Coc:6    | Killed a shard shrike
115403 | Coc:6    | Killed a shard shrike
115619 | Coc:7    | Entered Level 7 of Cocytus
115680 | Coc:7    | Noticed a shard shrike
115681 | Coc:7    | Noticed a shard shrike
115692 | Coc:7    | Killed a shard shrike
115695 | Coc:7    | Killed a shard shrike
115704 | Coc:7    | Noticed a shard shrike
115712 | Coc:7    | Killed a shard shrike
115759 | Coc:7    | Noticed a shard shrike
115764 | Coc:7    | Noticed a shard shrike
115764 | Coc:7    | Noticed a shard shrike
115766 | Coc:7    | Noticed a shard shrike
115775 | Coc:7    | Killed a shard shrike
115782 | Coc:7    | Killed a shard shrike
115787 | Coc:7    | Killed a shard shrike
115811 | Coc:7    | Killed a shard shrike
116518 | Coc:7    | Noticed a shard shrike
116521 | Coc:7    | Noticed a shard shrike
116521 | Coc:7    | Killed a shard shrike
116526 | Coc:7    | Killed a shard shrike
117118 | Coc:7    | Noticed a shard shrike
117124 | Coc:7    | Killed a shard shrike
117169 | Coc:7    | Noticed a shard shrike
117176 | Coc:7    | Killed a shard shrike
117350 | Coc:7    | Noticed Antaeus
117558 | Coc:7    | Killed Antaeus
117570 | Coc:7    | Noticed a shard shrike
117575 | Coc:7    | Killed a shard shrike
117754 | Coc:7    | Got an icy rune of Zot
117794 | Coc:7    | Learned a level 3 spell: Inner Flame
117849 | Coc:7    | Noticed a shard shrike
117855 | Coc:7    | Killed a shard shrike
118126 | Depths:2 | Bought a wand of disintegration (20/24) for 504 gold pieces
118363 | Depths:2 | Killed an ancient lich
118363 | Depths:2 | Reached skill level 27 in Air Magic
118376 | Zig:1    | Entered Level 1 of a ziggurat
118397 | Zig:2    | Entered Level 2 of a ziggurat
118432 | Zig:3    | Entered Level 3 of a ziggurat
118459 | Zig:4    | Entered Level 4 of a ziggurat
118657 | Zig:5    | Entered Level 5 of a ziggurat
118698 | Zig:6    | Entered Level 6 of a ziggurat
118744 | Zig:6    | Got a warped plate armour
118752 | Zig:6    | Identified the +0 plate armour of Compassion {MR+ Str+3 Dex+4} (You found it on level 6 of a ziggurat)
118762 | Zig:7    | Entered Level 7 of a ziggurat
118808 | Zig:8    | Entered Level 8 of a ziggurat
118843 | Zig:8    | Got a scorched lapis lazuli ring
118845 | Zig:8    | Identified the ring "Busorgho" {+Fly rPois rC++ Int+4 Dex-4} (You found it on level 8 of a ziggurat)
118888 | Zig:9    | Entered Level 9 of a ziggurat
118897 | Zig:9    | Noticed a juggernaut
118926 | Zig:9    | Got a pair of distressingly furry boots
118927 | Zig:9    | Identified the +1 pair of boots of Fallacy {Int+4} (You found it on level 9 of a ziggurat)
118939 | Zig:9    | Killed a juggernaut
119085 | Zig:10   | Entered Level 10 of a ziggurat
119156 | Zig:10   | Got a steaming bone ring
119163 | Zig:10   | Identified the ring of Esmeej {rElec Int+2 Dex+3 Stlth-} (You found it on level 10 of a ziggurat)
119170 | Zig:11   | Entered Level 11 of a ziggurat
119181 | Zig:11   | Noticed Buvias Ridde the pandemonium lord
119182 | Zig:11   | Noticed Syirr the pandemonium lord
119183 | Zig:11   | Noticed Siewkil the pandemonium lord
119195 | Zig:11   | Killed Siewkil the pandemonium lord
119196 | Zig:11   | Killed Syirr the pandemonium lord
119213 | Zig:11   | Killed Buvias Ridde the pandemonium lord
119228 | Zig:11   | Got a bloodstained shield
119229 | Zig:11   | Identified Jorunn's Compendium of Damage Dealing
119261 | Zig:11   | Learned a level 7 spell: Ring of Flames
119285 | Zig:11   | Identified the +2 shield "Bamaick" {rPois MR+ Regen+ Int+2} (You found it on level 11 of a ziggurat)
119487 | Zig:12   | Entered Level 12 of a ziggurat
119494 | Zig:12   | Noticed Paithu the pandemonium lord
119506 | Zig:12   | Reached skill level 1 in Fire Magic
119511 | Zig:12   | Killed Paithu the pandemonium lord
119515 | Zig:12   | Reached skill level 5 in Fire Magic
119550 | Zig:12   | Got a scorched bone ring
119556 | Zig:12   | Identified the ring "Neevoshi" {+Fly Str+8 Dex-5 Stlth+} (You found it on level 12 of a ziggurat)
119682 | Zig:13   | Entered Level 13 of a ziggurat
120052 | Zig:14   | Entered Level 14 of a ziggurat
120079 | Zig:14   | Reached skill level 10 in Fire Magic
120148 | Zig:15   | Entered Level 15 of a ziggurat
120232 | Zig:15   | Got a crude copper ring
120234 | Zig:15   | Identified the ring "Nodulotej" {Wiz rN+ SInv} (You found it on level 15 of a ziggurat)
120267 | Zig:15   | Got a pair of fine boots
120286 | Zig:15   | Identified the -5 pair of boots "Orirr" {+Inv rCorr Dex+4} (You found it on level 15 of a ziggurat)
120384 | Zig:16   | Entered Level 16 of a ziggurat
120411 | Zig:16   | Noticed an ancient lich
120412 | Zig:16   | Noticed an ancient lich
120423 | Zig:16   | Killed an ancient lich
120426 | Zig:16   | Killed an ancient lich
120507 | Zig:17   | Entered Level 17 of a ziggurat
120524 | Zig:17   | Noticed an ancient lich
120533 | Zig:17   | Noticed an ancient lich
120547 | Zig:17   | Killed an ancient lich
120556 | Zig:17   | Killed an ancient lich
120591 | Zig:17   | Identified the Compendium of Dislocation and Conjuration
120600 | Zig:17   | Learned a level 6 spell: Conjure Ball Lightning
120604 | Zig:17   | Learned a level 3 spell: Portal Projectile
120635 | Zig:18   | Entered Level 18 of a ziggurat
120658 | Zig:18   | Noticed a juggernaut
120660 | Zig:18   | Noticed a juggernaut
120663 | Zig:18   | Noticed a juggernaut
120663 | Zig:18   | Noticed a juggernaut
120666 | Zig:18   | Noticed a juggernaut
120674 | Zig:18   | Killed a juggernaut
120675 | Zig:18   | Noticed a juggernaut
120682 | Zig:18   | Noticed a juggernaut
120689 | Zig:18   | Killed a juggernaut
120692 | Zig:18   | Killed a juggernaut
120696 | Zig:18   | Killed a juggernaut
120696 | Zig:18   | Killed a juggernaut
120719 | Zig:18   | Killed a juggernaut
120747 | Zig:18   | Killed a juggernaut
120884 | Zig:19   | Entered Level 19 of a ziggurat
120992 | Zig:19   | Reached skill level 5 in Evocations
121054 | Zig:20   | Entered Level 20 of a ziggurat
121215 | Zig:20   | Got a dazzling great sword
121216 | Zig:20   | Identified the +8 great sword of Recklessness {slice, Fragile Int+10} (You found it on level 20 of a ziggurat)
121221 | Zig:21   | Entered Level 21 of a ziggurat
121262 | Zig:21   | Noticed a juggernaut
121269 | Zig:21   | Noticed a juggernaut
121271 | Zig:21   | Killed a juggernaut
121274 | Zig:21   | Noticed a juggernaut
121280 | Zig:21   | Noticed a juggernaut
121288 | Zig:21   | Killed a juggernaut
121291 | Zig:21   | Killed a juggernaut
121306 | Zig:21   | Killed a juggernaut
121362 | Zig:21   | Identified the Grimoire of Augmentations and the Escort
121369 | Zig:21   | Got a slimy cloak
121370 | Zig:21   | Identified the +2 cloak "Coirolem" {Int+6} (You found it on level 21 of a ziggurat)
121425 | Zig:21   | Identified the Tome of the Snowflakes and Conjuration
121462 | Zig:22   | Entered Level 22 of a ziggurat
121573 | Zig:22   | Noticed Geastule the pandemonium lord
121588 | Zig:22   | Killed Geastule the pandemonium lord
121715 | Zig:22   | Got a shimmering plate armour
121716 | Zig:22   | Identified the +7 plate armour of Lappuz {+Blink rF+ MR- Int+4} (You found it on level 22 of a ziggurat)
121812 | Zig:23   | Entered Level 23 of a ziggurat
121992 | Zig:23   | Identified the Almanac of Enthralling Aid
121998 | Zig:23   | Learned a level 2 spell: Shroud of Golubria
121998 | Zig:23   | Identified Kibory's Disquisition on the Glacier and Stones
122046 | Zig:24   | Entered Level 24 of a ziggurat
122200 | Zig:24   | Identified the Grimoire of the Five Runes
122223 | Zig:24   | Got an encrusted ice dragon armour
122226 | Zig:24   | Identified the +7 ice dragon armour of Qaergh {rF- rC++ Dex+4} (You found it on level 24 of a ziggurat)
122363 | Zig:25   | Entered Level 25 of a ziggurat
122441 | Zig:25   | Noticed Faiclimp the pandemonium lord
122464 | Zig:25   | Killed Faiclimp the pandemonium lord
122845 | Zig:25   | Identified the Papyrus of Weightlessness and Stones
122849 | Zig:25   | Got a wavering emerald amulet
122851 | Zig:25   | Identified the amulet of Qolaova {Harm *Drain rPois rN+ Int-3} (You found it on level 25 of a ziggurat)
122866 | Zig:25   | Reached skill level 27 in Spellcasting
122870 | Zig:25   | Got a sparkling bone ring
122873 | Zig:25   | Identified the ring of Mil Mytz {+Fly rElec Int+4 Slay+5} (You found it on level 25 of a ziggurat)
122896 | Zig:25   | Got an encrusted shield
122918 | Zig:25   | Identified the +4 shield of Beogh's Supremacy {rPois} (You found it on level 25 of a ziggurat)
123056 | Zig:26   | Entered Level 26 of a ziggurat
123126 | Zig:26   | Reached skill level 15 in Throwing
123352 | Zig:26   | Identified the Collected Works on Transmutation
123356 | Zig:26   | Identified the Tome of Destructive Flames
123362 | Zig:26   | Got a twitching marble ring
123363 | Zig:26   | Identified Sif Muna's Tome of Feathery Venom
123477 | Zig:27   | Entered Level 27 of a ziggurat
123609 | Zig:27   | Paralysed by a giant eyeball for 3 turns
123768 | Zig:27   | Identified the Incunabulum of Cold and Flames
123792 | Zig:27   | Identified the ring of Lylevvunn {Wiz rN++ MR+ Int+3} (You found it on level 26 of a ziggurat)
123898 | Zig:1    | Entered Level 1 of a ziggurat
123935 | Zig:2    | Entered Level 2 of a ziggurat
123936 | Zig:2    | Noticed a greater mummy
123955 | Zig:2    | Killed a greater mummy
123970 | Zig:3    | Entered Level 3 of a ziggurat
124013 | Zig:4    | Entered Level 4 of a ziggurat
124084 | Zig:5    | Entered Level 5 of a ziggurat
124116 | Zig:6    | Entered Level 6 of a ziggurat
124119 | Zig:6    | Noticed an ancient lich
124131 | Zig:6    | Killed an ancient lich
124141 | Zig:6    | Identified the Tome of the Birds and Creation
124152 | Zig:6    | Learned a level 6 spell: Freezing Cloud
124297 | Zig:7    | Entered Level 7 of a ziggurat
124370 | Zig:8    | Entered Level 8 of a ziggurat
124582 | Zig:9    | Entered Level 9 of a ziggurat
124668 | Zig:9    | Got a steaming platinum amulet
124669 | Zig:9    | Identified the amulet of the Circus Animal {Regen+ Int+4} (You found it on level 9 of a ziggurat)
124688 | Zig:9    | Got a crystal triple sword
124690 | Zig:9    | Identified the +8 triple sword of Oozing Pus {slice, rElec Int+4} (You acquired it on level 9 of a ziggurat)
124762 | Zig:10   | Entered Level 10 of a ziggurat
124878 | Zig:10   | Identified the Compendium of Weightlessness
124930 | Zig:11   | Entered Level 11 of a ziggurat
124981 | Zig:11   | Noticed an ancient lich
125012 | Zig:11   | Killed an ancient lich
125130 | Zig:12   | Entered Level 12 of a ziggurat
125184 | Zig:12   | Got a pitted granite ring
125185 | Zig:12   | Identified the ring "Xenwael" {EV+3 Dex+4} (You found it on level 12 of a ziggurat)
125245 | Zig:13   | Entered Level 13 of a ziggurat
125408 | Zig:13   | Got a pitted iron ring
125409 | Zig:13   | Identified the ring of Sual {rElec MP+9 Dex+6} (You found it on level 13 of a ziggurat)
125416 | Zig:13   | Got a fine golden amulet
125417 | Zig:13   | Identified the amulet "Efref" {rN+ Regen+} (You found it on level 13 of a ziggurat)
125600 | Zig:14   | Entered Level 14 of a ziggurat
125615 | Zig:14   | Noticed an ancient lich
125618 | Zig:14   | Noticed an ancient lich
125627 | Zig:14   | Killed an ancient lich
125630 | Zig:14   | Killed an ancient lich
125663 | Zig:14   | Got a pair of heavily runed gloves
125666 | Zig:14   | Identified the cursed -4 pair of gloves of Apathy {rPois} (You found it on level 14 of a ziggurat)
125736 | Zig:15   | Entered Level 15 of a ziggurat
125751 | Zig:15   | Noticed an ancient lich
125755 | Zig:15   | Killed an ancient lich
125862 | Zig:15   | Identified the Reference Book on Transmutation and Curses
125866 | Zig:15   | Got a pitted diamond amulet
125867 | Zig:15   | Identified the amulet "Jakli" {Reflect MP+9 Slay+3 SH+3} (You found it on level 15 of a ziggurat)
125871 | Zig:15   | Identified Kangidaf's Catalogue of Curses
125950 | Zig:16   | Entered Level 16 of a ziggurat
126117 | Zig:17   | Entered Level 17 of a ziggurat
126127 | Zig:17   | Noticed Punog the pandemonium lord
126131 | Zig:17   | Noticed Xeecocu the pandemonium lord
126146 | Zig:17   | Noticed Ysafu the pandemonium lord
126149 | Zig:17   | Noticed Moxtumm the pandemonium lord
126156 | Zig:17   | Killed Xeecocu the pandemonium lord
126156 | Zig:17   | Reached skill level 27 in Throwing
126161 | Zig:17   | Killed Ysafu the pandemonium lord
126172 | Zig:17   | Killed Moxtumm the pandemonium lord
126173 | Zig:17   | Noticed Taitoire the pandemonium lord
126175 | Zig:17   | Noticed Kycvigim the pandemonium lord
126181 | Zig:17   | Killed Punog the pandemonium lord
126186 | Zig:17   | Killed Taitoire the pandemonium lord
126198 | Zig:17   | Killed Kycvigim the pandemonium lord
126305 | Zig:17   | Got a sapphire-encrusted plate armour
126306 | Zig:17   | Identified the +3 plate armour "Pustuese" {MR+} (You found it on level 17 of a ziggurat)
126632 | Zig:18   | Entered Level 18 of a ziggurat
126665 | Zig:18   | Noticed a greater mummy
126666 | Zig:18   | Noticed a greater mummy
126692 | Zig:18   | Killed a greater mummy
126695 | Zig:18   | Killed a greater mummy
126698 | Zig:18   | Noticed a greater mummy
126702 | Zig:18   | Noticed a greater mummy
126717 | Zig:18   | Killed a greater mummy
126719 | Zig:18   | Noticed a greater mummy
126753 | Zig:18   | Noticed a greater mummy
126754 | Zig:18   | Noticed a greater mummy
126759 | Zig:18   | Noticed a greater mummy
126764 | Zig:18   | Killed a greater mummy
126769 | Zig:18   | Noticed a greater mummy
126771 | Zig:18   | Killed a greater mummy
126776 | Zig:18   | Killed a greater mummy
126779 | Zig:18   | Killed a greater mummy
126785 | Zig:18   | Killed a greater mummy
126789 | Zig:18   | Killed a greater mummy
126954 | Zig:18   | Got a slimy wooden ring
126955 | Zig:18   | Identified the ring of Fatufeg {Wiz +Inv Stlth+} (You found it on level 18 of a ziggurat)
126974 | Zig:18   | Got a warped shield
127042 | Zig:18   | Identified the -9 shield "Ronafust" {-Cast +Blink rPois rCorr} (You acquired it on level 18 of a ziggurat)
127074 | Zig:19   | Entered Level 19 of a ziggurat
127143 | Zig:19   | Noticed a greater mummy
127165 | Zig:19   | Killed a greater mummy
127166 | Zig:19   | Noticed a greater mummy
127182 | Zig:19   | Killed a greater mummy
127210 | Zig:19   | Noticed a greater mummy
127217 | Zig:19   | Noticed a greater mummy
127224 | Zig:19   | Killed a greater mummy
127229 | Zig:19   | Killed a greater mummy
127244 | Zig:19   | Noticed a greater mummy
127259 | Zig:19   | Killed a greater mummy
127447 | Zig:19   | Got a steaming turquoise ring
127448 | Zig:19   | Identified the ring "Tatusen" {rElec rC- MR++ Int+3 SInv} (You found it on level 19 of a ziggurat)
127619 | Zig:20   | Entered Level 20 of a ziggurat
127677 | Zig:20   | Noticed an ancient lich
127688 | Zig:20   | Noticed an ancient lich
127691 | Zig:20   | Noticed an ancient lich
127702 | Zig:20   | Noticed an ancient lich
127703 | Zig:20   | Noticed an ancient lich
127705 | Zig:20   | Killed an ancient lich
127705 | Zig:20   | Killed an ancient lich
127706 | Zig:20   | Killed an ancient lich
127710 | Zig:20   | Killed an ancient lich
127711 | Zig:20   | Noticed an ancient lich
127716 | Zig:20   | Killed an ancient lich
127734 | Zig:20   | Killed an ancient lich
127816 | Zig:21   | Entered Level 21 of a ziggurat
127901 | Zig:21   | Reached skill level 27 in Charms
128028 | Zig:21   | Got a fine quick blade
128029 | Zig:21   | Identified the +10 quick blade of the Beginning {flame, +Rage Dex+2 SInv} (You found it on level 21 of a ziggurat)
128044 | Zig:22   | Entered Level 22 of a ziggurat
128065 | Zig:22   | Noticed Vyskow the pandemonium lord
128086 | Zig:22   | Killed Vyskow the pandemonium lord
128098 | Zig:22   | Noticed Izithinog the pandemonium lord
128098 | Zig:22   | Noticed Zuafrukh the pandemonium lord
128098 | Zig:22   | Noticed Uczeq the pandemonium lord
128101 | Zig:22   | Noticed Nyipn the pandemonium lord
128101 | Zig:22   | Noticed Wuynac the pandemonium lord
128101 | Zig:22   | Noticed Toca the pandemonium lord
128101 | Zig:22   | Noticed Lougus the pandemonium lord
128116 | Zig:22   | Killed Wuynac the pandemonium lord
128122 | Zig:22   | Noticed Tufonah the pandemonium lord
128122 | Zig:22   | Noticed Gizomp the pandemonium lord
128129 | Zig:22   | Killed Toca the pandemonium lord
128131 | Zig:22   | Noticed Haru the pandemonium lord
128132 | Zig:22   | Killed Izithinog the pandemonium lord
128136 | Zig:22   | Killed Uczeq the pandemonium lord
128144 | Zig:22   | Noticed Bijaupp the pandemonium lord
128149 | Zig:22   | Noticed Zasahu the pandemonium lord
128155 | Zig:22   | Killed Tufonah the pandemonium lord
128155 | Zig:22   | Killed Nyipn the pandemonium lord
128158 | Zig:22   | Killed Gizomp the pandemonium lord
128167 | Zig:22   | Killed Bijaupp the pandemonium lord
128168 | Zig:22   | Killed Zuafrukh the pandemonium lord
128169 | Zig:22   | Killed Zasahu the pandemonium lord
128172 | Zig:22   | Noticed Wuosm the pandemonium lord
128185 | Zig:22   | Killed Haru the pandemonium lord
128188 | Zig:22   | Killed Lougus the pandemonium lord
128189 | Zig:22   | Killed Wuosm the pandemonium lord
128428 | Zig:22   | Got a heavily runed hat
128444 | Zig:22   | Got a heavily runed copper ring
128445 | Zig:22   | Identified the ring "Xaedd" {Ice +Fly Str+4 Dex+2} (You found it on level 22 of a ziggurat)
128479 | Zig:23   | Entered Level 23 of a ziggurat
128521 | Zig:23   | Reached skill level 10 in Evocations
128997 | Zig:23   | Identified a +2 rod of shadows (14/14) (You found it on level 23 of a ziggurat)
129076 | Zig:24   | Entered Level 24 of a ziggurat
129232 | Zig:24   | Reached skill level 27 in Shields
129316 | Zig:24   | Identified the Volume of Confrontation
129412 | Zig:24   | Got an ivory triple sword
129413 | Zig:24   | Identified the +7 triple sword of Vech {freeze, Int+2 SInv} (You found it on level 24 of a ziggurat)
129427 | Zig:25   | Entered Level 25 of a ziggurat
129486 | Zig:25   | Reached skill level 15 in Evocations
129728 | Zig:25   | Got a scorched ivory ring
129729 | Zig:25   | Identified the ring of Impatience {-Tele rN+ MR+ Slay+3 Stlth-} (You found it on level 25 of a ziggurat)
129744 | Zig:26   | Entered Level 26 of a ziggurat
130286 | Zig:27   | Entered Level 27 of a ziggurat
130316 | Zig:27   | Noticed an ancient lich
130342 | Zig:27   | Noticed an ancient lich
130345 | Zig:27   | Killed an ancient lich
130360 | Zig:27   | Noticed an ancient lich
130372 | Zig:27   | Killed an ancient lich
130378 | Zig:27   | Noticed an ancient lich
130383 | Zig:27   | Killed an ancient lich
130389 | Zig:27   | Noticed an ancient lich
130400 | Zig:27   | Killed an ancient lich
130404 | Zig:27   | Noticed an ancient lich
130404 | Zig:27   | Noticed an ancient lich
130409 | Zig:27   | Noticed an ancient lich
130413 | Zig:27   | Noticed an ancient lich
130423 | Zig:27   | Killed an ancient lich
130431 | Zig:27   | Killed an ancient lich
130432 | Zig:27   | Killed an ancient lich
130433 | Zig:27   | Noticed an ancient lich
130438 | Zig:27   | Killed an ancient lich
130442 | Zig:27   | Noticed an ancient lich
130444 | Zig:27   | Noticed an ancient lich
130444 | Zig:27   | Killed an ancient lich
130463 | Zig:27   | Killed an ancient lich
130465 | Zig:27   | Killed an ancient lich
130468 | Zig:27   | Killed an ancient lich
130649 | Zig:27   | Got a slimy platinum ring
130650 | Zig:27   | Identified the ring "Lituam" {rF+ rN+ Dex+3} (You found it on level 27 of a ziggurat)
130661 | Zig:27   | Identified a +3 rod of shadows (14/14) (You found it on level 27 of a ziggurat)
130814 | Zig:1    | Entered Level 1 of a ziggurat
130847 | Zig:2    | Entered Level 2 of a ziggurat
130880 | Zig:3    | Entered Level 3 of a ziggurat
130880 | Zig:3    | Noticed an orb of fire
130880 | Zig:3    | Noticed an orb of fire
130896 | Zig:3    | Killed an orb of fire
130903 | Zig:3    | Killed an orb of fire
131020 | Zig:3    | Identified a +6 rod of clouds (13/13) (You found it on level 3 of a ziggurat)
131034 | Zig:4    | Entered Level 4 of a ziggurat
131070 | Zig:5    | Entered Level 5 of a ziggurat
131078 | Zig:5    | Reached skill level 10 in Stealth
131078 | Zig:5    | Paralysed by you for 2 turns
131114 | Zig:6    | Entered Level 6 of a ziggurat
131207 | Zig:7    | Entered Level 7 of a ziggurat
131214 | Zig:7    | Paralysed by accursed screaming for 2 turns
131310 | Zig:8    | Entered Level 8 of a ziggurat
131426 | Zig:8    | Identified the Handbook of Igneous Evil Magic
131503 | Zig:9    | Entered Level 9 of a ziggurat
131583 | Zig:9    | Learned a level 8 spell: Controlled Blink
131585 | Zig:9    | Got a scintillating steel ring
131586 | Zig:9    | Identified the ring "Fonopeta" {rF- AC+3 Dex+7 Stlth+} (You found it on level 9 of a ziggurat)
131600 | Zig:10   | Entered Level 10 of a ziggurat
131611 | Zig:10   | Noticed Ushalo the pandemonium lord
131626 | Zig:10   | Reached skill level 15 in Stealth
131639 | Zig:10   | Killed Ushalo the pandemonium lord
131713 | Zig:10   | Got a sparkling brass ring
131717 | Zig:10   | Identified the ring "Beolys" {+Fly MR- Int+4 SInv Stlth+} (You found it on level 10 of a ziggurat)
131719 | Zig:10   | Identified a +0 rod of clouds (11/11) (You found it on level 10 of a ziggurat)
131866 | Zig:11   | Entered Level 11 of a ziggurat
131942 | Zig:11   | Identified a +8 rod of inaccuracy (9/9) (You found it on level 11 of a ziggurat)
131948 | Zig:11   | Got a flickering glass ring
131949 | Zig:11   | Identified the ring "Qupryro" {+Inv SInv} (You found it on level 11 of a ziggurat)
132004 | Zig:12   | Entered Level 12 of a ziggurat
132043 | Zig:12   | Noticed a shard shrike
132053 | Zig:12   | Noticed a shard shrike
132053 | Zig:12   | Noticed a shard shrike
132065 | Zig:12   | Killed a shard shrike
132068 | Zig:12   | Killed a shard shrike
132069 | Zig:12   | Killed a shard shrike
132111 | Zig:12   | Got a translucent golden ring
132112 | Zig:12   | Identified the ring of Ascent {*Tele Str+3 Dex+2} (You found it on level 12 of a ziggurat)
132125 | Zig:12   | Got an ancient marble ring
132126 | Zig:12   | Identified the ring of Tixomm {rElec rF+ Str-5 Dex+2} (You found it on level 12 of a ziggurat)
132186 | Zig:13   | Entered Level 13 of a ziggurat
132329 | Zig:13   | Got a steaming glass ring
132330 | Zig:13   | Identified the ring of Nobility {rElec rPois MP+9 Slay+5 Stlth-} (You found it on level 13 of a ziggurat)
132348 | Zig:14   | Entered Level 14 of a ziggurat
132475 | Zig:14   | Noticed an ancient lich
132479 | Zig:14   | Noticed an ancient lich
132488 | Zig:14   | Noticed an ancient lich
132492 | Zig:14   | Killed an ancient lich
132496 | Zig:14   | Killed an ancient lich
132503 | Zig:14   | Reached skill level 27 in Evocations
132509 | Zig:14   | Killed an ancient lich
132563 | Zig:14   | Identified the Incunabulum of Dark Magic
132639 | Zig:15   | Entered Level 15 of a ziggurat
132650 | Zig:15   | Noticed a greater mummy
132673 | Zig:15   | Killed a greater mummy
132679 | Zig:15   | Noticed a greater mummy
132690 | Zig:15   | Noticed a greater mummy
132694 | Zig:15   | Noticed a greater mummy
132699 | Zig:15   | Killed a greater mummy
132700 | Zig:15   | Killed a greater mummy
132706 | Zig:15   | Noticed a greater mummy
132711 | Zig:15   | Killed a greater mummy
132728 | Zig:15   | Killed a greater mummy
132737 | Zig:15   | Noticed a greater mummy
132747 | Zig:15   | Noticed a greater mummy
132760 | Zig:15   | Noticed a greater mummy
132771 | Zig:15   | Killed a greater mummy
132779 | Zig:15   | Killed a greater mummy
132797 | Zig:15   | Killed a greater mummy
133145 | Zig:15   | Identified the Tome of Creation
133151 | Zig:16   | Entered Level 16 of a ziggurat
133303 | Zig:16   | Got a crude crystal amulet
133304 | Zig:16   | Identified the amulet "Geah" {Spirit rElec rPois Str+3} (You found it on level 16 of a ziggurat)
133339 | Zig:17   | Entered Level 17 of a ziggurat
133472 | Zig:17   | Got a fine amber ring
133473 | Zig:17   | Identified the ring "Biajeat" {MR+ Stlth-} (You found it on level 17 of a ziggurat)
133480 | Zig:17   | Identified the Catalogue of Creative Poisoning
133504 | Zig:17   | Got a clouded iron ring
133505 | Zig:17   | Identified the ring "Izxumiko" {EV+5 Int+3} (You found it on level 17 of a ziggurat)
133510 | Zig:17   | Got a shimmering pewter ring
133511 | Zig:17   | Identified the ring "Ucoy" {*Corrode rPois AC+3 Dex+4} (You found it on level 17 of a ziggurat)
133525 | Zig:18   | Entered Level 18 of a ziggurat
133573 | Zig:18   | Reached skill level 15 in Fire Magic
133719 | Zig:18   | Paralysed by a giant eyeball for 2 turns
133917 | Zig:18   | Got a fine wooden ring
133918 | Zig:18   | Identified the ring of the Commoners {Str+2 Dex+2 Stlth-} (You found it on level 18 of a ziggurat)
133968 | Zig:19   | Entered Level 19 of a ziggurat
134027 | Zig:19   | Noticed an ancient lich
134032 | Zig:19   | Killed an ancient lich
134073 | Zig:19   | Noticed an ancient lich
134078 | Zig:19   | Killed an ancient lich
134095 | Zig:19   | Noticed an ancient lich
134102 | Zig:19   | Killed an ancient lich
134307 | Zig:19   | Identified the Guide on Talismans and Attacks
134348 | Zig:20   | Entered Level 20 of a ziggurat
134371 | Zig:20   | Noticed a juggernaut
134378 | Zig:20   | Noticed a juggernaut
134387 | Zig:20   | Noticed a juggernaut
134387 | Zig:20   | Noticed a juggernaut
134407 | Zig:20   | Killed a juggernaut
134416 | Zig:20   | Noticed a juggernaut
134416 | Zig:20   | Killed a juggernaut
134423 | Zig:20   | Killed a juggernaut
134426 | Zig:20   | Noticed a juggernaut
134426 | Zig:20   | Noticed a juggernaut
134436 | Zig:20   | Noticed a juggernaut
134445 | Zig:20   | Noticed a juggernaut
134450 | Zig:20   | Killed a juggernaut
134453 | Zig:20   | Noticed a juggernaut
134459 | Zig:20   | Noticed a juggernaut
134460 | Zig:20   | Killed a juggernaut
134464 | Zig:20   | Killed a juggernaut
134466 | Zig:20   | Killed a juggernaut
134469 | Zig:20   | Noticed a juggernaut
134469 | Zig:20   | Killed a juggernaut
134518 | Zig:20   | Killed a juggernaut
134518 | Zig:20   | Reached skill level 27 in Stealth
134531 | Zig:20   | Killed a juggernaut
134535 | Zig:20   | Killed a juggernaut
134544 | Zig:20   | Killed a juggernaut
134663 | Zig:20   | Got a brightly glowing silver ring
134664 | Zig:20   | Identified the ring of Paokuv {rN+ MR+ Dex+2} (You found it on level 20 of a ziggurat)
134679 | Zig:20   | Got a warped silver amulet
134680 | Zig:20   | Identified the amulet "Afengej" {Faith +Blink rPois} (You found it on level 20 of a ziggurat)
134684 | Zig:20   | Got a coiled steel ring
134685 | Zig:20   | Identified the ring of Qinyegeu {rElec MR- Str+4 Slay+1} (You found it on level 20 of a ziggurat)
134688 | Zig:20   | Got a shimmering bone ring
134689 | Zig:20   | Identified the ring "Kizu" {Wiz rN+ Str-2 Int+6} (You found it on level 20 of a ziggurat)
134703 | Zig:20   | Upgraded the game from 0.19-a0-1346-g7941943 to 0.19-a0-1445-ge808afc
134705 | Zig:21   | Entered Level 21 of a ziggurat
134743 | Zig:21   | Noticed a juggernaut
134748 | Zig:21   | Reached skill level 1 in Translocations
134780 | Zig:21   | Noticed a juggernaut
134782 | Zig:21   | Noticed a juggernaut
134782 | Zig:21   | Reached skill level 5 in Translocations
134789 | Zig:21   | Noticed a juggernaut
134798 | Zig:21   | Noticed a juggernaut
134801 | Zig:21   | Noticed a juggernaut
134808 | Zig:21   | Noticed a juggernaut
134809 | Zig:21   | Killed a juggernaut
134809 | Zig:21   | Killed a juggernaut
134811 | Zig:21   | Killed a juggernaut
134829 | Zig:21   | Noticed a juggernaut
134833 | Zig:21   | Noticed a juggernaut
134837 | Zig:21   | Reached skill level 10 in Translocations
134846 | Zig:21   | Killed a juggernaut
134864 | Zig:21   | Killed a juggernaut
134885 | Zig:21   | Killed a juggernaut
134887 | Zig:21   | Killed a juggernaut
134889 | Zig:21   | Killed a juggernaut
134925 | Zig:21   | Killed a juggernaut
135014 | Zig:21   | Identified the Almanac of the Frostbite and Transmigration
135017 | Zig:21   | Identified Vehumet's Almanac of Attacks
135091 | Zig:22   | Entered Level 22 of a ziggurat
135139 | Zig:22   | Noticed Egir the pandemonium lord
135152 | Zig:22   | Killed Egir the pandemonium lord
135188 | Zig:22   | Reached skill level 15 in Translocations
135593 | Zig:23   | Entered Level 23 of a ziggurat
135778 | Zig:23   | Identified the Almanac of the Sinister Traveller
135782 | Zig:23   | Got a sparkling copper amulet
135783 | Zig:23   | Identified the amulet "Suucuff" {+Rage rPois rC+ Int+3 Dex+4} (You found it on level 23 of a ziggurat)
135832 | Zig:24   | Entered Level 24 of a ziggurat
136038 | Zig:24   | Identified Aczeast's Guide on Transformation and Lightness
136065 | Zig:24   | Got an ancient glass ring
136067 | Zig:24   | Identified the ring of Uneddach {MR+ Stlth+} (You found it on level 24 of a ziggurat)
136085 | Zig:25   | Entered Level 25 of a ziggurat
136508 | Zig:26   | Entered Level 26 of a ziggurat
136546 | Zig:26   | Reached skill level 1 in Ice Magic
136628 | Zig:26   | Reached skill level 5 in Ice Magic
136704 | Zig:26   | HP: 3/249 [hellion/damnation (33)]
136807 | Zig:26   | Reached skill level 27 in Translocations
136966 | Zig:26   | Identified the Reference Book on Creative Self-Knowledge
136984 | Zig:26   | Got a wavering copper ring
136985 | Zig:26   | Identified the ring of Geviem {rF+ Int+2} (You found it on level 26 of a ziggurat)
136990 | Zig:26   | Reached skill level 10 in Ice Magic
136998 | Zig:26   | Identified the Reference Book on Bewitching Transmigration
137014 | Zig:26   | Identified the Almanac of the Shifting Snowflakes
137026 | Zig:26   | Got a jewelled large shield
137027 | Zig:26   | Identified the cursed +0 large shield of the Mantidfly {Dex-5 Slay+5} (You found it on level 26 of a ziggurat)
137135 | Zig:27   | Entered Level 27 of a ziggurat
137157 | Zig:27   | Noticed a greater mummy
137174 | Zig:27   | Killed a greater mummy
137180 | Zig:27   | Noticed a greater mummy
137182 | Zig:27   | Noticed a greater mummy
137191 | Zig:27   | Noticed a greater mummy
137196 | Zig:27   | Noticed a greater mummy
137209 | Zig:27   | Killed a greater mummy
137211 | Zig:27   | Killed a greater mummy
137212 | Zig:27   | Noticed a greater mummy
137214 | Zig:27   | Killed a greater mummy
137227 | Zig:27   | Killed a greater mummy
137232 | Zig:27   | Noticed a greater mummy
137256 | Zig:27   | Killed a greater mummy
137261 | Zig:27   | Noticed a greater mummy
137262 | Zig:27   | Killed a greater mummy
137283 | Zig:27   | Noticed a greater mummy
137283 | Zig:27   | Noticed a greater mummy
137283 | Zig:27   | Noticed a greater mummy
137284 | Zig:27   | Killed a greater mummy
137287 | Zig:27   | Noticed a greater mummy
137287 | Zig:27   | Killed a greater mummy
137294 | Zig:27   | Noticed a greater mummy
137295 | Zig:27   | Killed a greater mummy
137296 | Zig:27   | Killed a greater mummy
137300 | Zig:27   | Killed a greater mummy
137317 | Zig:27   | Noticed a greater mummy
137320 | Zig:27   | Noticed a greater mummy
137321 | Zig:27   | Noticed a greater mummy
137321 | Zig:27   | Noticed a greater mummy
137322 | Zig:27   | Noticed a greater mummy
137326 | Zig:27   | Noticed a greater mummy
137555 | Zig:1    | Entered Level 1 of a ziggurat
137577 | Zig:1    | Reached skill level 15 in Ice Magic
137589 | Zig:2    | Entered Level 2 of a ziggurat
137614 | Zig:3    | Entered Level 3 of a ziggurat
137648 | Zig:4    | Entered Level 4 of a ziggurat
137682 | Zig:4    | Got a scorched iron ring
137684 | Zig:4    | Identified the ring of Retwer {+Fly rElec rF- rC+++ Slay-4} (You found it on level 4 of a ziggurat)
137688 | Zig:5    | Entered Level 5 of a ziggurat
137729 | Zig:5    | Identified the Compendium of the Assistive Snowflakes
137732 | Zig:5    | Identified the Grimoire of Transmutation
137740 | Zig:6    | Entered Level 6 of a ziggurat
137745 | Zig:6    | Noticed an ancient lich
137758 | Zig:6    | Killed an ancient lich
137784 | Zig:6    | Got a ring of the Octopus King
137786 | Zig:6    | Identified a ring of the Octopus King {AC+1 EV+1 Str+1 Int+1 Dex+1 SInv} (You found it on level 6 of a ziggurat)
137830 | Zig:7    | Entered Level 7 of a ziggurat
137890 | Zig:7    | Identified the Volume of Lucky Earth
137895 | Zig:7    | Identified the Volume of Execration and Good Luck
137900 | Zig:8    | Entered Level 8 of a ziggurat
137949 | Zig:8    | Got a crude golden ring
137950 | Zig:8    | Identified the ring "Xebbeas" {rC+ MR- Dex+7} (You found it on level 8 of a ziggurat)
137954 | Zig:8    | Identified the Handbook of the Mountains and Good Luck
137958 | Zig:8    | Got a slimy bronze amulet
137959 | Zig:8    | Identified the amulet of Xefiu {*Contam rF+++ rC++ Regen+ Dex-3} (You found it on level 8 of a ziggurat)
137984 | Zig:9    | Entered Level 9 of a ziggurat
138157 | Zig:10   | Entered Level 10 of a ziggurat
138271 | Zig:10   | Identified the Papyrus of Black Rites
138282 | Zig:11   | Entered Level 11 of a ziggurat
138288 | Zig:11   | Noticed Vepnei the pandemonium lord
138289 | Zig:11   | Noticed Zaxtas the pandemonium lord
138290 | Zig:11   | Noticed Oliaschenk the pandemonium lord
138292 | Zig:11   | Noticed Vuoghoirph the pandemonium lord
138292 | Zig:11   | Noticed Ypleerch the pandemonium lord
138295 | Zig:11   | Noticed Loekk the pandemonium lord
138295 | Zig:11   | Noticed Ubyr Turebb the pandemonium lord
138312 | Zig:11   | Killed Vuoghoirph the pandemonium lord
138325 | Zig:11   | Killed Ubyr Turebb the pandemonium lord
138332 | Zig:11   | Killed Vepnei the pandemonium lord
138355 | Zig:11   | Killed Loekk the pandemonium lord
138361 | Zig:11   | Killed Zaxtas the pandemonium lord
138377 | Zig:11   | Killed Ypleerch the pandemonium lord
138404 | Zig:11   | Killed Oliaschenk the pandemonium lord
138514 | Zig:12   | Entered Level 12 of a ziggurat
138527 | Zig:12   | Noticed an ancient lich
138527 | Zig:12   | Noticed an ancient lich
138527 | Zig:12   | Noticed an ancient lich
138528 | Zig:12   | Noticed an ancient lich
138542 | Zig:12   | Killed an ancient lich
138544 | Zig:12   | Noticed an ancient lich
138551 | Zig:12   | Noticed an ancient lich
138552 | Zig:12   | Killed an ancient lich
138553 | Zig:12   | Killed an ancient lich
138566 | Zig:12   | Killed an ancient lich
138572 | Zig:12   | Killed an ancient lich
138574 | Zig:12   | Killed an ancient lich
138621 | Zig:12   | Identified the Grimoire of Doomed Weightlessness
138631 | Zig:12   | Got a pair of twisted boots
138632 | Zig:12   | Identified the cursed -7 pair of boots "Xizezeab" {*Contam +Blink Int+3} (You found it on level 12 of a ziggurat)
138754 | Zig:13   | Entered Level 13 of a ziggurat
138754 | Zig:13   | Noticed jestert79's ghost (legendary VSBe)
138769 | Zig:13   | Killed jestert79's ghost
138785 | Zig:13   | Noticed a greater mummy
138786 | Zig:13   | Noticed a greater mummy
138791 | Zig:13   | Noticed a greater mummy
138794 | Zig:13   | Killed a greater mummy
138797 | Zig:13   | Noticed a greater mummy
138797 | Zig:13   | Killed a greater mummy
138797 | Zig:13   | HP: 6/249 [greater mummy/divine providence (12)]
138800 | Zig:13   | Noticed a greater mummy
138807 | Zig:13   | Noticed a greater mummy
138809 | Zig:13   | Got a slimy bone ring
138811 | Zig:14   | Entered Level 14 of a ziggurat
138813 | Zig:14   | Identified the ring of Ussuga {rF+ Str+4 Slay+2} (You found it on level 13 of a ziggurat)
139026 | Zig:14   | Noticed an ancient lich
139026 | Zig:14   | Noticed an ancient lich
139027 | Zig:14   | Noticed an ancient lich
139028 | Zig:14   | Noticed an ancient lich
139028 | Zig:14   | Noticed an ancient lich
139029 | Zig:14   | Noticed an ancient lich
139043 | Zig:14   | Killed an ancient lich
139047 | Zig:14   | Killed an ancient lich
139048 | Zig:14   | Killed an ancient lich
139059 | Zig:14   | Killed an ancient lich
139061 | Zig:14   | Killed an ancient lich
139066 | Zig:14   | Killed an ancient lich
139084 | Zig:14   | Reached skill level 27 in Ice Magic
139084 | Zig:14   | Reached skill level 1 in Conjurations
139094 | Zig:14   | Killed an ancient lich
139102 | Zig:14   | Reached skill level 5 in Conjurations
139347 | Zig:15   | Entered Level 15 of a ziggurat
139388 | Zig:15   | Reached skill level 10 in Conjurations
139463 | Zig:15   | Learned a level 5 spell: Metabolic Englaciation
139466 | Zig:15   | Identified the Almanac of Summoning
139471 | Zig:15   | Got a wavering jade amulet
139472 | Zig:15   | Identified the amulet "Wedeguth" {Spirit rPois} (You found it on level 15 of a ziggurat)
139483 | Zig:15   | Identified Pyukluc's Volume of Transmigration and Attacks
139491 | Zig:15   | Got a heavily runed sapphire amulet
139492 | Zig:15   | Identified the amulet "Xutoif" {rF+ rC++ Regen+ Int-3} (You found it on level 15 of a ziggurat)
139576 | Zig:16   | Entered Level 16 of a ziggurat
139586 | Zig:16   | Noticed Vaidugud the pandemonium lord
139586 | Zig:16   | Noticed Kuow the pandemonium lord
139587 | Zig:16   | Noticed Ujoyhebb the pandemonium lord
139587 | Zig:16   | Noticed Cues the pandemonium lord
139587 | Zig:16   | Noticed Buheneme the pandemonium lord
139587 | Zig:16   | Noticed Mix Wiw the pandemonium lord
139587 | Zig:16   | Noticed Gecoh the pandemonium lord
139587 | Zig:16   | Noticed Olijot the pandemonium lord
139587 | Zig:16   | Noticed Let Ytwa the pandemonium lord
139589 | Zig:16   | Noticed Oceoled the pandemonium lord
139589 | Zig:16   | Noticed Utzocwe the pandemonium lord
139589 | Zig:16   | Noticed Pemeo the pandemonium lord
139589 | Zig:16   | Noticed Ilaistre the pandemonium lord
139589 | Zig:16   | Noticed Ikhobb the pandemonium lord
139592 | Zig:16   | Noticed Jaujiohi the pandemonium lord
139595 | Zig:16   | Noticed Hewomui the pandemonium lord
139599 | Zig:16   | Noticed Ynoeth the pandemonium lord
139601 | Zig:16   | Noticed Degik the pandemonium lord
139605 | Zig:16   | Paralysed by a giant eyeball for 4 turns
139608 | Zig:16   | Killed Pemeo the pandemonium lord
139608 | Zig:16   | Killed Vaidugud the pandemonium lord
139608 | Zig:16   | HP: 4/249 [Cues the pandemonium lord/crystal spear (49)]
139608 | Zig:16   | Slain by Oceoled the pandemonium lord

Vault maps used:
D:1:      dpeg_arrival_circle_labyrinth_a
D:2:      minitemple, old_standard_altar, first_bread, minmay_misc_feat_roman,
          xom_redecorated, uniq_robin
D:3:      grunt_decor_resistance
D:4:      led_sif_book
D:5:      overflow_temple_1_default, lemuel_crystal_altar,
          nicolae_overflow_crystal_walls, gup_sewer_entry_glass,
          uniq_prince_ribbit1, uniq_menkaure
D:6:      grunt_gozag_breadcrumbs, vehumet_altar_wand_db,
          nemelex_diamond_rough_becter
D:7:      lemuel_round_altar, the_bakery
D:8:      david_lair_generic, serial_shops, shop,
          minmay_guarded_unrand_variability
D:9:      okawaru_humans, lemuel_round_altar, minmay_holes, lemuel_angel_altar
D:10:     basic_altar
D:11:     minmay_twisted_water, uniq_harold, uniq_maurice, uniq_erolcha
D:12:     uniq_frances
D:13:     erik_vaults_1, serial_shops, nicolae_shop_trees
D:14:     fake_guardian_serpent_vault
D:15:     hangedman_depths_entry_try_elsewhere_first, evilmike_ruin_ashenzari
Temple:   pf_slimified_temple
Lair:1:   disabler_island
Lair:2:   minmay_snake_entry_six_corridors
Lair:3:   serial_bayou_shore_b
Lair:4:   minmay_shoals_entry_beasts, serial_bayou_shore_a
Lair:5:   grunt_megastairs_5, uniq_josephine
Lair:6:   evilmike_catoblepas_cave, nicolae_slime_entry_slimehenge, uniq_snorg
Shoals:1: centaur_isle
Shoals:3: serial_shops, shop
Shoals:4: shoals_end_grunt_ice, shoals_ilsuiw_alternative,
          nicolae_shoals_undead_eyrie
Snake:1:  serial_shops, nicolae_shop_crystal, special_room, spider_trap
Snake:3:  kennysheep_six_static_rooms, st_stairs_10, basic_stair_grate_trap,
          serial_bayou_shore_b, minmay_shop_grove
Snake:4:  johnstein_snake_rune_scales, portal_ice_cave_entry_frozen_things,
          serial_shops, shop, shop, shop, uniq_aizul, uniq_agnes
Slime:2:  cheibrodos_slime_lost_civilization_4
Orc:1:    basic_altar
Orc:2:    st_orc_pillars
Elf:1:    eino_elf_arrival_sip, minmay_elf_sorcery, spider_trap, uniq_louise
Elf:2:    serial_shops, nicolae_shop_trees, uniq_asterion
Elf:3:    minmay_elf_hall_spiked, basic_altar
Vaults:1: ontoclasm_vaults_hangar, vaults_standard_mumra_x, v_misc_27,
          v_misc_11, nicolae_vaults_ring_of_whatevers,
          nicolae_vaults_border_crossing, uniq_jorgrun
Vaults:2: grunt_vaults_focal, v_misc_12, minmay_crypt_entry_simple_round,
          ontoclasm_vaults_claustrophobia, v_misc_11, ontoclasm_vaults_shuriken,
          grunt_vaults_swirl, vaults_dpeg_diagonal, grunt_vaults_funnel,
          ontoclasm_vaults_chip, uniq_saint_roka, uniq_margery, uniq_jory
Vaults:3: ontoclasm_vaults_idyll, ontoclasm_vaults_pinch,
          nicolae_vaults_triangles, ontoclasm_vaults_loading_screen, v_misc_8,
          nicolae_vaults_specimen_jars, vaults_room_hangedman_quadrants,
          ontoclasm_vaults_twist, dpeg_vaults_monster_box, enter_trove_0
Vaults:4: ontoclasm_vaults_ligature, st_octagons_1, nicolae_vaults_network_s,
          vaults_mumra_hex, v_misc_24, vaults_mumra_chevron,
          vaults_room_large_hall, v_pattern_4, v_misc_29, v_rooms_6,
          vaults_dpeg_spiral, vaults_dpeg_cross, nicolae_vaults_what_the_h
Crypt:1:  uniq_frederick
Crypt:3:  quadcrypt_mu
Tomb:2:   uniq_khufu
Depths:1: minmay_misc_feat_more_columns, hell_entry, rand_demon_pan_entry_8,
          minmay_misc_feat_enclosed, hex_tiny, hangedman_decor_clover_reticule,
          grunt_decor_one_mirror, hangedman_abyss_or_decor_slice,
          grunt_ministairs_4, kennysheep_generic_room_9, uniq_mara
Depths:2: minmay_spriggan_fort, enter_ziggurat_c, grunt_metal_band, abyss_entry,
          nicolae_blasting_shop
Depths:3: hangedman_box_tower, hangedman_tar_grid_catacomb,
          grunt_pan_entry_sceptre
Depths:4: grunt_house_of_mirrors, minmay_misc_feat_plants,
          rand_demon_pan_entry_9, abyss_entry, hell_entry, aerie_lemuel
Dis:1:    hangedman_dis_decor_blocks_crown
Dis:3:    lemuel_elevator, grunt_megastairs_2
Dis:6:    evilmike_ambush, lemuel_elevator
Dis:7:    iron_city_of_dis
Geh:2:    lemuel_old_faithful
Geh:7:    geh_grunt_pentagon
Coc:7:    coc_old
Tar:1:    grunt_deathspiral_small
Tar:2:    nicolae_tar_cuneiform_bird
Tar:3:    evilmike_ambush
Tar:7:    tar_grunt_cathedral
Abyss:1:  hangedman_shadowy_showcase
Abyss:3:  nicolae_abyss_rune_left_handed, evilmike_abyss_exit_4
Pan:      nicolae_pan_giant_door, rand_demon_6, pan_surprise, rand_demon_1,
          grunt_pan_in_and_out, grunt_pan_zigzag, nicolae_pan_glass_arcs,
          nicolae_pan_giant_door, pan_blood_fountain, rand_demon_7,
          rand_demon_2, pan_blood_fountain, evilmike_mini_pan_other_thingy,
          rand_demon_1, nicolae_pan_cerebovesque_2, rand_demon_2,
          evilmike_mini_pan_doors_b, nicolae_pan_gloorx_vloqian_3, rand_demon_3,
          nicolae_pan_sigil_obb, nicolae_pan_mnolegish_1, grunt_pan_spiral,
          nicolae_pan_cerebovesque_3, nicolae_pan_diamonds, uniq_mennas_pan,
          rand_demon_3, lemuel_hall_of_pain, pan_blood_fountain,
          nicolae_pan_gloorx_vloqian_3, lemuel_hellion_island,
          evilmike_cerebov_lava, pan_blood_fountain_small, grunt_pan_in_and_out,
          pan_blood_fountain, grunt_pan_zigzag, grunt_pan_in_and_out,
          pan_blood_fountain_small, pan_blood_fountain,
          lom_lobon_grunt_wind_tunnels, nicolae_pan_sigil_nadil,
          nicolae_pan_gloorx_vloqian_2, grunt_pan_pentagram,
          evilmike_mini_pan_layers, pan_blood_fountain_small,
          evilmike_mini_pan_T, gloorx_vloq, mnoleg, rand_demon_8,
          nicolae_pan_cerebovesque_2, rand_demon_2, evilmike_mini_pan_corner,
          nicolae_pan_mnolegish_3, grunt_pan_spiral, evilmike_mini_pan_3x3,
          nicolae_pan_lom_lobonic_3, evilmike_mini_pan_layers,
          pan_blood_fountain_small, reaverb_pan_squares,
          nicolae_pan_gloorx_vloqian_3, rand_demon_2
Zig:1:    ziggurat_pillar_centre_c
Zig:10:   ziggurat_pillar_centre_dead_trees
Zig:13:   ziggurat_pillar_centre_oklobs
Zig:16:   ziggurat_pillar_centre_smoke
Zig:21:   ziggurat_pillar_centre_more_plants, ziggurat_pillar_centre_drop
Sewer:    sewer_minmay_w
IceCv:    ice_cave_caverns_02

Skill      XL: |  1  2  3  4  5  6  7  8  9 10 11 12 13 14 15 16 17 18 19 20 21 22 23 24 25 26 27 |
---------------+----------------------------------------------------------------------------------+-----
Long Blades    | 3 4 6 7 9 10 11 12 13 14 15 17 18 19 27 | 27.0
Fighting       | 4 6 9 10 11 12 13 14 15 17 18 19 27 | 27.0
Shields        | 4 6 8 10 27 | 27.0
Invocations    | 2 4 6 7 10 11 12 13 14 15 16 17 19 27 | 27.0
Dodging        | 2 5 6 8 9 10 12 13 14 15 17 18 27 | 27.0
Armour         | 5 6 8 9 11 12 13 14 15 16 27 | 27.0
Hexes          | 2 3 |  3.0
Charms         | 3 5 7 8 12 13 27 | 27.0
Spellcasting   | 2 3 5 7 8 10 27 | 27.0
Stealth        | 27 | 27.0
Air Magic      | 27 | 27.0
Throwing       | 27 | 27.0
Fire Magic     | 20 | 20.5
Evocations     | 27 | 27.0
Translocations | 27 | 27.0
Ice Magic      | 27 | 27.0
Conjurations   | 14 | 14.1

Action                   |  1- 3 |  4- 6 |  7- 9 | 10-12 | 13-15 | 16-18 | 19-21 | 22-24 | 25-27 || total
-------------------------+-------+-------+-------+-------+-------+-------+-------+-------+-------++-------
Melee: Long sword        |    13 |    16 |       |   413 |    50 |       |       |       |       ||   492
       Dagger            |    72 |   155 |   284 |   212 |     8 |       |       |       |       ||   731
       Scimitar          |       |       |   166 |   342 |  1414 |  1303 |   704 |  1700 |  2745 ||  8374
       Great sword       |       |       |       |       |       |   178 |  1302 |   185 |       ||  1665
       Rapier            |       |       |       |       |       |    26 |    13 |       |       ||    39
       Eudemon blade     |       |       |       |       |       |       |       |       | 13465 || 13465
       Double sword      |       |       |       |       |       |       |       |       |  3343 ||  3343
Throw: Tomahawk          |       |       |     3 |     3 |       |       |       |       |       ||     6
       Throwing net      |       |       |       |       |     2 |       |       |       |       ||     2
       Javelin           |       |       |       |       |       |       |     1 |       |   539 ||   540
 Cast: Infusion          |       |       |       |       |    44 |    77 |    63 |    57 |   159 ||   400
       Song of Slaying   |       |       |       |       |    23 |    16 |    25 |    17 |   132 ||   213
       Spectral Weapon   |       |       |       |       |     4 |   114 |    64 |    73 |   588 ||   843
       Repel Missiles    |       |       |       |       |       |       |     4 |     8 |    12 ||    24
       Haste             |       |       |       |       |       |       |       |     3 |   212 ||   215
       Airstrike         |       |       |       |       |       |       |       |       |   354 ||   354
       Tornado           |       |       |       |       |       |       |       |       |   137 ||   137
       Ring of Flames    |       |       |       |       |       |       |       |       |    49 ||    49
       Shroud of Golubri |       |       |       |       |       |       |       |       |    36 ||    36
       Summon Butterflie |       |       |       |       |       |       |       |       |    35 ||    35
       Deflect Missiles  |       |       |       |       |       |       |       |       |    27 ||    27
       Conjure Ball Ligh |       |       |       |       |       |       |       |       |    17 ||    17
       Swiftness         |       |       |       |       |       |       |       |       |    15 ||    15
       Freezing Cloud    |       |       |       |       |       |       |       |       |    15 ||    15
       Controlled Blink  |       |       |       |       |       |       |       |       |     2 ||     2
       Apportation       |       |       |       |       |       |       |       |       |     1 ||     1
       Portal Projectile |       |       |       |       |       |       |       |       |     1 ||     1
Invok: Lesser Healing    |       |     1 |    11 |    15 |       |       |       |       |       ||    27
       Greater Healing   |       |       |       |     6 |       |       |       |       |       ||     6
       Heal Other        |       |       |       |     2 |       |       |       |       |       ||     2
       Divine Vigour     |       |       |       |     1 |       |       |       |       |       ||     1
       Recite            |       |       |       |    17 |     9 |     7 |    30 |    31 |   307 ||   401
       Vitalisation      |       |       |       |     9 |    10 |    25 |    29 |    19 |   207 ||   299
       Sanctuary         |       |       |       |       |     1 |       |     2 |       |    13 ||    16
       Donate Gold       |       |       |       |       |     1 |       |     2 |       |     1 ||     4
       Imprison          |       |       |       |       |       |     1 |     2 |     1 |     3 ||     7
       Cleansing Flame   |       |       |       |       |       |       |       |       |    35 ||    35
       Divine Shield     |       |       |       |       |       |       |       |       |    11 ||    11
       Summon Divine War |       |       |       |       |       |       |       |       |     5 ||     5
       Cure All Mutation |       |       |       |       |       |       |       |       |     1 ||     1
       Brand Weapon With |       |       |       |       |       |       |       |       |     1 ||     1
 Abil: Evoke Invisibilit |       |       |       |       |       |       |     2 |       |     1 ||     3
       Evoke Berserk Rag |       |       |       |       |       |       |     1 |       |       ||     1
       Stop Singing      |       |       |       |       |       |       |       |       |     5 ||     5
Evoke: Wand              |       |       |     4 |    21 |     7 |    19 |    12 |    12 |   143 ||   218
       Phantom mirror    |       |       |       |       |       |     1 |       |       |       ||     1
       Figurine of a zig |       |       |       |       |       |       |       |       |     3 ||     3
       Crystal ball of e |       |       |       |       |       |       |       |       |     1 ||     1
  Use: Potion            |     1 |     1 |     6 |     9 |     8 |    12 |    20 |    14 |   113 ||   184
       Scroll            |       |    13 |     4 |    16 |    17 |    20 |    16 |    14 |   262 ||   362
 Stab: Distracted        |       |       |       |     1 |     1 |    13 |    11 |     9 |    89 ||   124
       Confused          |       |       |       |    14 |     2 |     4 |    30 |    21 |   187 ||   258
       Invisible         |       |       |       |    16 |     3 |     6 |     3 |     3 |    11 ||    42
       Paralysed         |       |       |       |     2 |       |       |    11 |       |    56 ||    69
       Held in net/web   |       |       |       |       |     1 |       |       |       |       ||     1
       Petrified         |       |       |       |       |     2 |       |       |       |    21 ||    23
       Sleeping          |       |       |       |       |       |       |       |       |     9 ||     9
       Petrifying        |       |       |       |       |       |       |       |       |     8 ||     8
       Fleeing           |       |       |       |       |       |       |       |       |     1 ||     1
  Eat: Chunk             |       |     1 |     3 |     5 |     1 |    15 |    10 |     5 |    15 ||    55
       Bread ration      |       |     1 |     2 |       |       |       |       |       |    40 ||    43
       Pizza             |       |       |     1 |       |     2 |     2 |     2 |     6 |    11 ||    24
       Beef jerky        |       |       |       |     3 |     3 |     1 |     1 |     5 |    16 ||    29
       Meat ration       |       |       |       |     4 |     3 |     5 |     6 |     3 |    34 ||    55
       Fruit             |       |       |       |       |       |     1 |     2 |     2 |    52 ||    57
       Royal jelly       |       |       |       |       |       |       |     1 |     3 |    32 ||    36
Armor: Ring mail         |    27 |    53 |    60 |       |       |       |       |       |       ||   140
       Skin              |       |       |    61 |    10 |       |       |       |       |       ||    71
       Scale mail        |       |       |    99 |   142 |    15 |       |    40 |       |       ||   296
       Leather armour    |       |       |       |    17 |       |       |       |       |       ||    17
       Chain mail        |       |       |       |       |   409 |   444 |   363 |       |       ||  1216
       Fire dragon armou |       |       |       |       |       |       |    23 |   256 |  1163 ||  1442
       Crystal plate arm |       |       |       |       |       |       |       |       |  1144 ||  1144
       Plate armour      |       |       |       |       |       |       |       |       |   712 ||   712
Dodge: Dodged            |    19 |    38 |   111 |   314 |   722 |   880 |  1246 |   830 | 10526 || 14686
       Deflected         |       |       |       |       |       |       |     7 |    29 |   422 ||   458
Block: Shield            |    29 |    66 |   256 |   351 |   107 |       |   137 |   720 | 12295 || 13961
       Buckler           |       |       |       |       |   230 |   276 |       |       |       ||   506
       Large shield      |       |       |       |       |       |    28 |   173 |       |       ||   201
